 Dungeon Crawl Stone Soup version 0.32-a0-468-g38b2580584 (webtiles) character file.

Game seed: 18210201857689776574

1463923 ragingrage the Evocator (level 26, 217/217 HPs)
             Began as a Coglin Chaos Knight on Feb 25, 2024.
             Was a Favourite Plaything of Xom.
             Escaped with the Orb
             ... and 3 runes!
             The game lasted 02:38:25 (86162 turns).

ragingrage the Evocator (Coglin Chaos Knight)      Turns: 86162, Time: 02:38:26

Health: 217/217    AC: 23    Str: 18      XL:     26   Next: 31%
Magic:  7/8        EV: 25    Int: 29      God:    Xom [..*...]
Gold:   4480       SH:  0    Dex: 26 (27) Spells: 0/39 levels left

rFire   + + .        K - +9 double sword (freeze) {Zoran}
rCold   . . .        c - +7 demon blade "Liusut" {antimagic, rF+ rC- Int+9}
rNeg    . . .        b - +4 ring mail of Eternal Night {Dex+3}
rPois   +            X - +2 hat
rElec   +            a - +2 cloak
rCorr   .            Y - +2 pair of gloves {Dex+3}
SInv    .            I - +2 pair of boots
Will    ++...        L - amulet of Wuebb {rElec Regen+ Str+3 Int+2}
Stlth   +++          (ring unavailable)
HPRegen 2.16/turn    (ring unavailable)
MPRegen 0.11/turn

%: clarity
@: studying Short Blades
A: cold resistance 1, fire resistance 1, off-hand wielding, slow wielding,
warmup strikes, no rings, beak, camouflage 1, clarity, clever 1, deterioration
1, low MP 2, strong-willed 1, sense surroundings 1, poison resistance,
regeneration 1, electricity resistance, strong 1, no potion heal 1, inability to
drink after injury 1, persistent drain
0: Orb of Zot
}: 3/15 runes: serpentine, barnacled, slimy
a: Renounce Religion


You escaped.
You worshipped Xom.
You were a toy of Xom.
You visited 10 branches of the dungeon, and saw 51 of its levels.
You visited the Abyss 1 time.
You also visited: Trove, Ice Cave, Volcano and Desolation.

You collected 9595 gold pieces.
You spent 5115 gold pieces at shops.

Inventory:

Hand Weapons
 c - the +7 demon blade "Liusut" (offhand) {antimagic, rF+ rC- Int+9}
   (You found it in the Desolation of Salt)

   Int+9:     It affects your intelligence (+9).
   rF+:       It protects you from fire.
   rC-:       It makes you vulnerable to cold.
 K - a +9 double sword of freezing (weapon) {Zoran}
 T - the +7 short sword "Vaac Log" {freeze, rElec rPois Dex-3}
   (You found it on level 12 of the Dungeon)

   Dex-3:     It affects your dexterity (-3).
   rElec:     It insulates you from electricity.
   rPois:     It protects you from poison
Missiles
 t - 2 throwing nets
 B - 17 curare-tipped darts
Armour
 a - a +2 cloak (worn)
 b - the +4 ring mail of Eternal Night (worn) {Dex+3}
   (You acquired it on level 4 of the Lair of Beasts)

   Dex+3:     It affects your dexterity (+3).
 I - a +2 pair of boots (worn)
 X - a +2 hat (worn)
 Y - a +2 pair of gloves of dexterity (worn)
 Z - +8 gold dragon scales
Jewellery
 L - the amulet of Wuebb (around neck) {rElec Regen+ Str+3 Int+2}
   (You found it in the Desolation of Salt)

   [amulet of regeneration]

   Str+3:     It affects your strength (+3).
   Int+2:     It affects your intelligence (+2).
   rElec:     It insulates you from electricity.
   Regen+:    It increases your rate of health regeneration.
 R - the amulet of Peace {RegenMP MP+9 Slay+5}
   (You found it in a treasure trove)

   [amulet of magic regeneration]

   RegenMP:   It increases your rate of magic regeneration.
   Slay+5:    It affects your accuracy & damage with ranged weapons and melee
   (+5).
   MP+9:      It affects your magic capacity (+9).
Wands
 i - a wand of flame (12)
 q - a wand of paralysis (70)
 M - a wand of digging (5)
 Q - a wand of roots (20)
 S - a wand of quicksilver (34)
 U - a wand of mindburst (7)
Scrolls
 d - a scroll of butterflies
 e - 19 scrolls of teleportation
 h - 8 scrolls of vulnerability
 j - 11 scrolls of fear
 l - 11 scrolls of immolation
 m - 9 scrolls of blinking
 n - 6 scrolls of noise
 u - 13 scrolls of poison
 v - 10 scrolls of fog
 x - 6 scrolls of silence
 y - 4 scrolls of revelation
 C - a scroll of acquirement
Potions
 f - a potion of resistance
 g - 3 potions of enlightenment
 o - 5 potions of heal wounds
 p - 3 potions of berserk rage
 r - 5 potions of cancellation
 s - 4 potions of invisibility
 w - 8 potions of lignification
 z - 4 potions of brilliance
 A - a potion of magic
 E - 19 potions of curing
 G - 2 potions of might
 H - 4 potions of mutation
 O - 2 potions of ambrosia
 P - 3 potions of haste
 V - 11 potions of attraction
Miscellaneous
 k - a condenser vane
 D - a lightning rod (4/4)
 J - a phantom mirror
 N - a box of beasts
 W - a phial of floods


   Skills:
 + Level 19.8 Fighting
 - Level 10.5(14.0) Short Blades
 - Level 16.0(17.3) Long Blades
 - Level 6.0 Maces & Flails
 + Level 8.6 Armour
 + Level 16.6 Dodging
 - Level 15.5 Stealth
 - Level 7.0 Spellcasting
 - Level 9.0 Conjurations
 - Level 6.0 Hexes
 - Level 12.0 Necromancy
 - Level 12.0 Translocations
 - Level 8.0 Fire Magic
 - Level 4.0 Air Magic
 - Level 17.0 Alchemy
 - Level 21.3 Evocations


You couldn't memorise any spells.
You knew the following spells:

 Your Spells              Type           Power      Damage    Failure   Level
a - Fugue of the Fallen   Necr           68%        N/A       1%          3
b - Death Channel         Necr           34%        N/A       9%          6
c - Vhi's Electric Charg  Tloc/Air       100%       N/A       3%          4
d - Irradiate             Conj/Alch      35%        3d23      1%          5
e - Sticky Flame          Fire/Alch      70%        2d11      1%          4
f - Ignite Poison         Fire/Alch      70%        N/A       1%          4
g - Yara's Violent Unrav  Hex/Alch       33%        3d14      1%          5
h - Manifold Assault      Tloc           68%        N/A       1%          4
i - Olgreb's Toxic Radia  Alch           83%        N/A       1%          4

Your spell library contained the following spells:

 Spells                   Type           Power      Damage    Failure   Level
 Apportation              Tloc           100%       N/A       1%          1
 Foxfire                  Conj/Fire      100%       2x1d9     1%          1
 Kiss of Death            Conj/Necr      100%       2d13      1%          1
 Magic Dart               Conj           100%       1d8       1%          1
 Necrotise                Necr           100%       1d9       1%          1
 Shock                    Conj/Air       100%       1d9       1%          1
 Slow                     Hex            100%       N/A       1%          1
 Sting                    Conj/Alch      100%       1d9       1%          1
 Cigotuvi's Dreadful Rot  Necr/Alch/Air  100%       N/A       1%          2
 Jinxbite                 Hex            88%        N/A       1%          2
 Lesser Beckoning         Tloc           100%       N/A       1%          2
 Mercury Vapours          Alch/Air       100%       N/A       1%          2
 Searing Ray              Conj           100%       2d8       1%          2
 Static Discharge         Conj/Air       94%        3-7/arc   1%          2
 Sublimation of Blood     Necr           68%        N/A       1%          2
 Confusing Touch          Hex            44%        N/A       1%          3
 Dazzling Flash           Conj/Hex       100%       N/A       1%          3
 Gell's Gravitas          Tloc           68%        N/A       1%          3
 Mephitic Cloud           Conj/Alch/Air  62%        N/A       1%          3
 Sigil of Binding         Hex            44%        N/A       1%          3
 Teleport Other           Tloc           68%        N/A       1%          3
 Vampiric Draining        Necr           68%        2d10      1%          3
 Volatile Blastmotes      Fire/Tloc      100%       2d18      1%          3
 Anguish                  Hex/Necr       29%        N/A       1%          4
 Animate Dead             Necr           68%        N/A       1%          4
 Dimensional Bullseye     Hex/Tloc       29%        N/A       1%          4
 Dispel Undead            Necr           68%        3d23      1%          4
 Fulminant Prism          Conj/Alch      35%        3d17      1%          4
 Iskenderun's Mystic Bla  Conj/Tloc      63%        2d13      1%          4
 Alistair's Intoxication  Alch           55%        N/A       1%          5
 Eringya's Noxious Bog    Alch           41%        4d6       1%          6
 Petrify                  Alch/Erth      56%        N/A       2%          4
 Ensorcelled Hibernation  Hex/Ice        54%        N/A       3%          2
 Stone Arrow              Conj/Erth      72%        3d11      3%          3
 Swiftness                Air            33%        N/A       4%          3
 Iskenderun's Battlesphe  Conj           58%        2d11      5%          5
 Cause Fear               Hex            22%        N/A       7%          4
 Martyr's Knell           Necr/Summ      44%        N/A       7%          4
 Fireball                 Conj/Fire      28%        3d12      7%          5
 Summon Small Mammal      Summ           40%        N/A       9%          1
 Brom's Barrelling Bould  Conj/Erth      36%        2d6       13%         4
 Airstrike                Air            16%        2d(3-19)  16%         4
 Summon Blazeheart Golem  Fire/Summ      33%        N/A       16%         4
 Borgnjor's Vile Clutch   Necr/Erth      22%        N/A       19%         5
 Summon Forest            Summ/Tloc      22%        N/A       19%         5
 Call Canine Familiar     Summ           10%        N/A       24%         3
 Ozocubu's Armour         Ice            10%        N/A       24%         3
 Passwall                 Erth           10%        N/A       24%         3
 Summon Lightning Spire   Summ/Air       21%        N/A       34%         4
 Starburst                Conj/Fire      28%        6d9       36%         6
 Summon Mana Viper        Hex/Summ       27%        N/A       54%         5
 Animate Armour           Summ/Erth      20%        N/A       63%         4
 Conjure Ball Lightning   Conj/Air       23%        3x3d6     65%         6
 Orb of Destruction       Conj           29%        9d9       86%         7
 Bombard                  Conj/Erth      18%        9d4       89%         6
 Lee's Rapid Deconstruct  Erth           5%         3d6*      92%         5
 Enfeeble                 Hex            22%        N/A       99%         7
 Malign Gateway           Summ/Tloc      22%        N/A       99%         7
 Ozocubu's Refrigeration  Ice            5%         4d8       100%        7
 Spellforged Servitor     Conj/Summ      18%        N/A       100%        7
 Summon Hydra             Summ           5%         N/A       100%        7
 Discord                  Hex            22%        N/A       100%        8
 Ignition                 Fire           27%        3d9       100%        8
 Lehudib's Crystal Spear  Conj/Erth      18%        10d5      100%        8
 Chain Lightning          Conj/Air       23%        3d31      100%        9
 Fire Storm               Conj/Fire      28%        8d7       100%        9
 Polar Vortex             Ice            5%         N/A       100%        9
 Shatter                  Erth           5%         3d8*      100%        9


Dungeon Overview and Level Annotations

Branches:
Dungeon (15/15)            Temple (0/1) D:4            Lair (5/5) D:11
 Shoals (4/4) Lair:3        Snake (4/4) Lair:3        Slime (5/5) Lair:5
    Orc (2/2) D:11            Elf (3/3) Orc:2        Vaults (4/5) D:14
  Crypt (0/3) Vaults:2     Depths (4/4) D:15            Zot (5/5) Depths:4
  IceCv (visited)         Volcano (visited)         Desolation (visited)

Altars:
Dithmenos
Elyvilon
Fedhas
Makhleb
Nemelex Xobeh
Sif Muna
Trog
Vehumet
Xom
Zin
The Shining One
Beogh
Jiyva

Shops:
D:6 [   D:10 *   D:12 :   Orc:1 *   Orc:2 (*!=?   Elf:2 *?*   Snake:1 :=:
Snake:2 :   Snake:3 *   Vaults:1 [([?!:

Portals:
Hell: Depths:1 Depths:2 Depths:3 Depths:4
Abyss: Depths:3
Ziggurat: Depths:3

Annotations:
D:11 exclusion: downstairs
Lair:1 exclusion: downstairs
Lair:3 2 transporters, exclusion: 3 oklob plants, nojaa's ghost, journeyman KoEn
Shoals:2 Roxanne
Depths:2 exclusion: 3 sensed monsters (detected)
Zot:5 1 exclusion


Innate Abilities, Weirdness & Mutations

Your flesh is cold resistant. (rC+)
Your flesh is heat resistant. (rF+)
You can wield a second weapon in your off-hand.
It takes a long time for you to wield or remove held weapons.
Your first few attacks do less damage.
Your grasper-arms cannot wear rings.
You have a beak for a mouth.
Your skin changes colour to match your surroundings (Stealth+).
You possess an exceptional clarity of mind.
Your mind is acute. (Int +4, Str/Dex -1)
Your body sometimes deteriorates upon taking damage.
Your magical capacity is very low. (-20% MP)
You are strong-willed. (Will+)
You passively map a small area around you.
Your system is resistant to poisons. (rPois)
Your natural rate of healing is unusually fast.
You are resistant to electric shocks. (rElec)
Your muscles are strong. (Str +4, Int/Dex -1)
Potions are less effective at restoring your health.
You occasionally lose the ability to drink potions when taking damage.
Your health recovers twice as slowly from being drained.


Message History

You slice the demonspawn corrupter with your +9 double sword of freezing!!
You freeze the demonspawn corrupter.
You kill the demonspawn corrupter!
The rockslime disappears in a puff of smoke!
The golden dragon disappears in a puff of smoke!
Things that are here:
a +2 demon whip of flaming; a +0 scale mail; a +0 buckler of fire resistance
(D) Dungeon (T) Temple (L) Lair (A) Shoals (P) Snake Pit (M) Slime Pits (O) Orcish Mines (E) Elven Halls (V) Vaults (C) Crypt (U) Depths (H) Hell (Z) Zot
Where to? (Tab/Enter - D:1 @ (x,y), ? - help)
What level of the Dungeon? (default 1, ? - help) Deactivating autopickup; reactivate with Ctrl-A.
You slash something with your +9 double sword of freezing!
You freeze something.
You completely miss something with the +7 demon blade "Liusut".
You slice something with the +7 demon blade "Liusut"!!
You peck something.
You slice something with your +9 double sword of freezing!!
You freeze something.
You slash something with the +7 demon blade "Liusut"!
Your peck misses something. You hit something but do no damage.
Something hits you but does no damage.
You slash something with your +9 double sword of freezing!
You freeze something. Your peck misses something.
You hit something with the +7 demon blade "Liusut".
You slice something with the +7 demon blade "Liusut"!!
Reactivating autopickup.
You feel a bit more experienced.
You feel a genetic drift.
You feel yourself wasting away.
You no longer feel a malignance within.
(D) Dungeon (T) Temple (L) Lair (A) Shoals (P) Snake Pit (M) Slime Pits (O) Orcish Mines (E) Elven Halls (V) Vaults (C) Crypt (U) Depths (H) Hell (Z) Zot
Where to? (Tab/Enter - D:1 @ (x,y), ? - help)
A hellwing comes into view.
There is a staircase leading out of the dungeon here.
You have escaped!

#.......§§§§..##..##..#.# #...#
.....###§§§§§..##.#...#.# #..##
..#### ###......##...##.### #..#
.## ##.....##........# #..## ##
##.4...##.......###...# #
#.....##.......##....# #
##....##..)...~~~~~PP.
#....##.....P~~♣P~PPP
#...@ß#.....~~~~~♣≈♣~ #
##....##......P~~.P~♣~ #
#.....#####.####.#~PP~ ##
##.....# #.## #.#.PPP .##
##......#####..# #.#.~PP ..###
###......##......###.#.#~P
....####§.......##.###......#P~PP
.....§.§§......##........#~PP~~~♣
#.......§.§.§.##...####..P.P~~~♣P


You could see a hellwing.

Vanquished Creatures
  the Royal Jelly (Slime:5)
  Frederick (Vaults:2)
  4 orbs of fire
  2 dread liches (Zot:5)
  2 ancient liches (Zot:5)
  A Killer Klown (Zot:5)
  Parghit (Depths:3)
  A curse toe (Zot:3)
  Saint Roka (Depths:1)
  3 caustic shrikes (Depths:3)
  Nikola (Shoals:2)
  5 golden dragons
  Norris (Elf:2)
  A bone dragon (Depths:4)
  Jory (Depths:4)
  An iron giant (Elf:3)
  2 electric golems
  10 tentacled monstrosities
  A Tzitzimitl (D:11)
  A Hell Sentinel (Zot:5)
  Zenata (Elf:1)
  3 deep elf blademasters
  A lich (IceCv)
  19 Orb Guardians (Zot:5)
  2 deep elf master archers (Elf:3)
  A quicksilver dragon (Zot:5)
  24 acid blobs
  A sphinx (Vaults:3)
  An ancient champion (Vaults:2)
  A kraken (Shoals:2)
  Polyphemus (Shoals:3)
  A tentacled starspawn (Abyss:3)
  2 tengu reavers
  8 shadow dragons
  Aizul (Snake:1)
  6 death cobs
  2 protean progenitors (Zot:5)
  11 storm dragons
  Donald (Shoals:3)
  13 rockslimes
  6 nagarajas (Snake:4)
  3 fire giants
  13 azure jellies
  5 frost giants
  A draconian shifter (Zot:2)
  5 draconian knights
  An emperor scorpion (Snake:4)
  7 vault wardens
  5 draconian monks
  2 imperial myrmidons (Desolation)
  4 deep elf sorcerers (Elf:3)
  A draconian scorcher (Zot:2)
  Louise (Elf:1)
  4 deep elf elementalists (Elf:3)
  2 angels
  4 ghost moths
  2 draconian stormcallers
  2 orc warlords
  A demonspawn corrupter (D:1)
  4 formless jellyfish
  13 ironbound preservers
  6 stone giants
  A draconian annihilator (Zot:1)
  3 very ugly things (Depths:3)
  A lorocyproca (D:1)
  4 green draconians
  2 ironbound thunderhulks
  12 yellow draconians
  10 quicksilver oozes
  7 deep elf demonologists
  A war gargoyle (Vaults:4)
  2 black draconians
  5 deep elf annihilators
  13 white draconians
  4 red draconians
  12 dire elephants
  7 deep elf death magi
  A halazid warlock (Desolation)
  4 purple draconians
  6 ettins
  A minotaur (Lair:4)
  3 spark wasps
  Snorg (Lair:4)
  4 fire dragons
  7 merfolk javelineers (Shoals:4)
  14 merfolk impalers
  2 entropy weavers
  7 yaktaur captains
  2 jiangshi (Depths:2)
  5 ragged hierophants (Desolation)
  2 crystal guardians
  6 deep elf high priests (Elf:3)
  3 rakshasas
  A hell beast (D:14)
  A caustic shrike simulacrum (IceCv)
  A salamander tyrant (Snake:4)
  2 spriggan air magi
  7 vault guards
  4 hydras
  6 peacekeepers
  2 jorogumos (Zot:5)
  6 ice dragons
  9 great orbs of eyes
  8 merfolk aquamancers
  2 death knights
  An alligator (Snake:4)
  6 servants of whispers (Desolation)
  4 satyrs
  A merfolk avatar (Shoals:2)
  4 alligator snapping turtles
  8 ironbound frosthearts
  9 anacondas
  3 ogre magi
  A catoblepas (Shoals:3)
  6 centaur warriors
  36 dancing weapons
  7 deep troll shamans
  9 two-headed ogres
  A vampire mage (Depths:2)
  A tengu warrior (Depths:1)
  6 deep troll earth magi
  6 boulder beetles
  A thrashing horror (Abyss:3)
  3 orc high priests (Orc:2)
  15 death yaks
  11 naga warriors
  2 spriggan berserkers (Depths:2)
  2 occultists
  3 shock serpents
  18 naga sharpshooters
  8 skysharks
  Amaemon (Lair:2)
  3 salamander mystics
  5 skeletal warriors
  22 deep elf knights
  8 iron trolls
  2 cherubim (Shoals:4)
  12 mana vipers
  3 sea snakes
  A flayed ghost (Depths:4)
  2 shadow demons
  4 naga ritualists
  6 arcanists
  6 bog bodies (IceCv)
  12 deep elf archers
  2 spriggan simulacra (IceCv)
  42 deep trolls
  31 harpies
  4 glowing orange brains
  39 deep elf pyromancers
  18 ironbound convokers
  2 starcursed masses (Abyss:3)
  2 obsidian statues
  7 lindwurms
  2 necromancers
  13 orc knights
  25 ugly things
  7 shining eyes
  9 cyclopes
  29 deep elf zephyrmancers
  6 manticores
  8 orc sorcerers
  13 salamanders
  11 fauns
  An oklob plant (Lair:5)
  8 merfolk sirens
  34 black mambas
  17 moths of wrath
  8 eyes of devastation
  6 guardian serpents
  4 water nymphs
  20 naga magi
  3 kobold blastminers
  10 vault sentinels
  6 cane toads
  An ice statue (Zot:1)
  2 torpor snails
  A smoke demon (D:10)
  An unseen horror (D:13)
  A centaur skeleton (D:15)
  An orange demon (Lair:2)
  Maggie (D:6)
  15 elephants
  12 rime drakes
  11 komodo dragons
  A hellion (Zot:4)
  An efreet (D:15)
  An ice devil (IceCv)
  17 freezing wraiths
  A rime drake (shapeshifter) (D:12)
  31 yaktaurs
  A tengu conjurer (Depths:1)
  3 anaconda simulacra (IceCv)
  An ancient zyme (Abyss:3)
  2 guardian mummies (D:14)
  A golden dragon simulacrum (IceCv)
  27 merfolk
  4 wind drakes
  5 polar bears
  3 trolls
  A wolf spider simulacrum (D:15)
  3 blink frogs (Lair:3)
  3 hornets
  42 saltlings (Desolation)
  A blink frog (shapeshifter) (D:12)
  7 alligator simulacra (IceCv)
  3 glass eyes
  18 dream sheep
  A snapping turtle (shapeshifter) (D:13)
  7 snapping turtles
  5 air elementals
  129 slime creatures
  A centaur simulacrum (D:15)
  4 wraiths
  Sigmund (D:5)
  3 dire elephant simulacra (IceCv)
  3 vampires
  12 spriggans
  21 water elementals
  9 wyverns
  9 basilisks
  6 fire bats
  A hog (Shoals:4)
  5 vampire mosquitoes
  58 yaks
  3 fire elementals
  7 golden eyes
  4 steam dragons
  A minotaur simulacrum (IceCv)
  4 harpy simulacra (IceCv)
  A chaos spawn (Abyss:3)
  50 nagas
  An acid dragon (D:13)
  A hydra simulacrum (IceCv)
  18 water moccasins
  20 orc warriors
  A black bear (shapeshifter) (D:15)
  2 ice beasts
  4 black bears
  4 sky beasts
  9 laughing skulls
  22 wolves
  7 centaurs
  13 boggarts
  9 ogres
  4 phantoms
  6 kobold brigands
  A brain worm (Snake:3)
  13 bullfrogs
  2 earth elementals
  2 deep troll simulacra (IceCv)
  5 scorpions
  3 wights (D:10)
  2 lindwurm simulacra (IceCv)
  15 killer bees
  2 electric eels
  4 lava snakes (Volcano)
  4 hounds
  2 gnoll boudas
  25 orc priests
  An iron imp (Abyss:3)
  2 sleepcaps
  Natasha (thrice) (D:2)
  8 iguanas
  27 orc wizards
  6 gnolls
  13 adders
  2 shadow imps (D:5)
  6 white imps
  An ufetubus (D:5)
  7 dart slugs
  6 ribbon worms
  72 orcs
  6 endoplasms
  4 giant cockroaches
  2 hobgoblins
  11 kobolds
  4 quokkas
  5 ball pythons
  4 bats
  6 frilled lizards
  5 goblins
  3 rats
  4 tentacles (Shoals:2)
2057 creatures vanquished.

Vanquished Creatures (collateral kills)
  A Killer Klown (Zot:5)
  2 Orb Guardians (Zot:5)
  A fire giant (D:15)
  A vault warden (Vaults:2)
  An angel (Vaults:3)
  A merfolk javelineer (Shoals:4)
  A catoblepas (Lair:3)
  A hydra (Lair:3)
  A boulder beetle (D:12)
  A naga sharpshooter (Snake:4)
  A deep elf knight (Elf:2)
  A skyshark (Lair:5)
  A deep elf pyromancer (Elf:2)
  A deep elf zephyrmancer (Elf:2)
  A gargoyle (D:12)
  A naga mage (Snake:3)
  2 elephants (Lair:5)
  A yaktaur (Vaults:2)
  A water elemental (D:15)
  2 yaks (Lair:5)
  A water moccasin (Lair:5)
  An ice beast (D:6)
  A scorpion (D:6)
  An orc (D:6)
27 creatures vanquished.

Vanquished Creatures (others)
  A dancing weapon (D:12)
  A naga sharpshooter (Snake:4)
  A deep elf zephyrmancer (Elf:1)
  A boggart (D:14)
  A wolf (Lair:5)
  An orc zombie (D:5)
  4 tentacles (Shoals:2)
10 creatures vanquished.

Grand Total: 2094 creatures vanquished

Notes
Turn   | Place    | Note
-------+----------+-------------------------------------------
     0 | D:1      | ragingrage the Coglin Chaos Knight began the quest for the
                  | Orb.
     0 | D:1      | Reached XP level 1. HP: 18/18 MP: 1/1
   224 | D:1      | XOM: butterfly on damage
   258 | D:1      | XOM: silly message
   271 | D:1      | Found a faded altar of an unknown god.
   302 | D:1      | Reached XP level 2. HP: 24/24 MP: 2/2
   316 | D:1      | Reached skill level 1 in Stealth
   702 | D:2      | Reached XP level 3. HP: 20/29 MP: 3/3
   817 | D:2      | Noticed Natasha
   920 | D:2      | XOM: divination: magic mapping
   948 | D:2      | XOM: silly message
  1215 | D:2      | Found a shimmering altar of Xom.
  1653 | D:3      | XOM: divination: magic mapping
  1901 | D:3      | Reached XP level 4. HP: 35/35 MP: 4/4
  1954 | D:3      | XOM: god gift: 4 stones
  1990 | D:3      | XOM: scenery: 1 doors close
  2527 | D:4      | Noticed a scorpion
  2532 | D:4      | Killed a scorpion
  2533 | D:4      | Reached skill level 5 in Long Blades
  2533 | D:4      | Reached XP level 5. HP: 41/41 MP: 5/5
  2695 | D:4      | XOM: potion effect (brilliance)
  3003 | D:3      | XOM: summons 2 hostile demons
  3023 | D:3      | Reached skill level 1 in Evocations
  3157 | D:3      | Reached XP level 6. HP: 38/47 MP: 6/6
  3244 | D:3      | an orc wizard changed into a rime drake
  3244 | D:3      | Noticed a rime drake
  3244 | D:3      | XOM: polymorph orc wizard -> rime drake
  3260 | D:3      | Killed a rime drake
  3261 | D:3      | Reached skill level 3 in Evocations
  3261 | D:3      | Reached XP level 7. HP: 23/54 MP: 7/7
  3496 | D:4      | Found a staircase to the Ecumenical Temple.
  3660 | D:4      | Learned a level 1 spell: Sting
  3819 | D:5      | Entered Level 5 of the Dungeon
  3862 | D:5      | Noticed Sigmund
  3912 | D:5      | Reached skill level 1 in Alchemy
  3987 | D:5      | Reached skill level 1 in Conjurations
  4147 | D:5      | Found a blossoming altar of Fedhas.
  4156 | D:5      | Found a shimmering blue altar of Sif Muna.
  4338 | D:5      | Reached XP level 8. HP: 42/60 MP: 8/8
  4429 | D:5      | XOM: give mutations
  4429 | D:5      | Gained mutation: Your mind is acute. (Int +4, Str/Dex -1)
                  | [Xom's mischief]
  4429 | D:5      | Gained mutation: You are weak. (Str -2) [Xom's mischief]
  4855 | D:5      | XOM: summons 3 hostile demons
  4980 | D:5      | XOM: summons 2 hostile shadow creatures
  5071 | D:5      | XOM: confusion (+ monsters)
  5176 | D:6      | XOM: 1-stop teleportation journey
  5178 | D:6      | XOM: 1-stop teleportation journey
  5216 | D:6      | Reached skill level 5 in Alchemy
  5303 | D:6      | Learned a level 4 spell: Olgreb's Toxic Radiance
  5404 | D:6      | Reached XP level 9. HP: 55/65 MP: 2/9
  5571 | D:6      | XOM: confusion
  5584 | D:6      | XOM: confusion
  5585 | D:6      | XOM: cast spell 'Summon Cactus Giant'
  5663 | D:6      | XOM: swap monsters
  5667 | D:6      | XOM: chaos upgrade
  5951 | D:6      | XOM: 1-stop teleportation journey
  5970 | D:6      | XOM: blink monster(s)
  6028 | D:6      | Noticed Maggie
  6044 | D:6      | Found Yteivisch's Armour Shoppe.
  6354 | D:7      | XOM: silly message
  6903 | D:7      | XOM: summons 3 hostile shadow creatures
  7129 | D:7      | XOM: summons 1 hostile shadow creature
  7256 | D:7      | XOM: summons 4 hostile demons
  7280 | D:7      | XOM: scenery: create altars
  7537 | D:8      | XOM: fake destruction
  7682 | D:8      | XOM: torment (34/65 hp)
  7969 | D:8      | Reached skill level 10 in Long Blades
  8328 | D:8      | XOM: 7-stop teleportation journey
  8352 | D:8      | XOM: give mutations
  8352 | D:8      | Gained mutation: Your mind is very acute. (Int +8, Str/Dex
                  | -2) [Xom's mischief]
  8352 | D:8      | Lost mutation: You are weak. (Str -2) [Xom's mischief]
  8352 | D:8      | Lost mutation: Your mind is very acute. (Int +8, Str/Dex
                  | -2) [Xom's mischief]
  8352 | D:8      | Gained mutation: Your muscles are strong. (Str +4, Int/Dex
                  | -1) [Xom's mischief]
  8431 | D:8      | XOM: polymorph jelly -> hobgoblin
  8436 | D:8      | XOM: enchant monster (bad)
  8442 | D:8      | Reached XP level 10. HP: 29/71 MP: 6/10
  8631 | D:8      | Noticed a two-headed ogre
  8636 | D:8      | a two-headed ogre changed into a yak
  8636 | D:8      | XOM: polymorph two-headed ogre -> yak
  8789 | D:8      | XOM is BORED!
  8789 | D:8      | XOM: give mutations
  8789 | D:8      | Gained mutation: You have a pair of small horns on your
                  | head. [Xom's mischief]
  8789 | D:8      | Gained mutation: You occasionally lose the ability to read
                  | scrolls when taking damage. [Xom's mischief]
  8999 | D:8      | Identified the +3 scale mail of Intuition {rF- rC+ Int+3
                  | Dex+6}
  9406 | D:9      | Reached skill level 1 in Spellcasting
  9825 | D:9      | XOM: scenery: summon butterflies
 10607 | D:9      | XOM: 3-stop teleportation journey
 10814 | D:9      | XOM: summons 3 hostile demons
 10853 | D:10     | Entered Level 10 of the Dungeon
 10958 | D:10     | Found Noommu Mamo's Gadget Gallery.
 10966 | D:10     | Bought a lightning rod (4/4) for 680 gold pieces
 11197 | D:10     | Noticed a smoke demon
 11802 | D:10     | XOM: smoke on damage
 11962 | D:9      | XOM: god gift: 922 gold pieces
 12015 | D:10     | Bought a phantom mirror for 680 gold pieces
 12043 | D:11     | Found a staircase to the Orcish Mines.
 12099 | D:10     | XOM: god gift: wand of polymorph (5)
 12184 | D:11     | Reached skill level 10 in Alchemy
 12184 | D:11     | Reached skill level 4 in Evocations
 12231 | D:11     | XOM: potion effect (berserk rage)
 12235 | D:11     | Found a staircase to the Lair.
 12261 | D:11     | XOM: enchant monster (good)
 12271 | D:11     | XOM: summons friendly ufetubus
 12272 | D:11     | Reached skill level 5 in Evocations
 12272 | D:11     | Reached XP level 11. HP: 51/77 MP: 4/14
 12481 | D:11     | Noticed a boulder beetle
 12483 | D:11     | XOM: scenery: 1 doors open, 1 doors close
 12489 | D:11     | Killed a boulder beetle
 12490 | D:11     | Reached skill level 6 in Evocations
 12561 | D:11     | XOM: cloud trail
 12562 | D:11     | XOM: god gift: 40 gold pieces
 12721 | D:11     | Noticed a red ugly thing
 12738 | D:11     | Killed a red ugly thing
 12917 | D:11     | XOM: summons 6 friendly demons
 12924 | D:11     | XOM: enchant monster (good)
 13226 | D:11     | XOM: divination: magic mapping
 13341 | Lair:1   | Entered Level 1 of the Lair of Beasts
 13404 | Lair:1   | XOM: noise
 13582 | Lair:1   | XOM: silly message
 13792 | Lair:1   | Noticed Sonja
 13793 | Lair:1   | Sonja changed into Sonja the salamander
 13793 | Lair:1   | Noticed Sonja
 13800 | Lair:1   | XOM: summons 2 friendly demons
 13802 | Lair:1   | XOM: enchant monster (bad)
 13813 | Lair:1   | Killed Sonja the salamander
 13921 | Lair:1   | XOM: enchant monster (bad)
 14123 | Lair:1   | XOM: 1-stop teleportation journey
 14130 | Lair:1   | Reached skill level 1 in Dodging
 14237 | Lair:1   | Reached XP level 12. HP: 84/84 MP: 15/15
 14394 | Lair:1   | Reached skill level 7 in Evocations
 14433 | Lair:1   | XOM: give mutation
 14433 | Lair:1   | Lost mutation: You occasionally lose the ability to read
                  | scrolls when taking damage. [Xom's mischief]
 14456 | Lair:1   | Found the +8 whip "Snakebite" {venom, curare, rPois}
 14456 | Lair:1   | XOM: divination: detect creatures
 14463 | Lair:1   | XOM: 10-stop teleportation journey
 14467 | Lair:1   | XOM: summons 2 friendly demons
 14469 | Lair:1   | XOM: potion effect (invisibility)
 14471 | Lair:1   | XOM: scenery: summon butterflies
 14474 | Lair:1   | Reached skill level 5 in Fighting
 14753 | Lair:1   | XOM: god gift: amulet of faith
 14923 | Lair:2   | XOM: enchant monster (good)
 14992 | Lair:2   | XOM: potion effect (invisibility)
 15002 | Lair:2   | Reached skill level 1 in Maces & Flails
 15002 | Lair:2   | XOM: noise
 15016 | Lair:2   | XOM: divination: detect creatures
 15025 | Lair:2   | Reached skill level 8 in Evocations
 15025 | Lair:2   | XOM: enchant monster (good)
 15282 | Lair:2   | Noticed Amaemon
 15282 | Lair:2   | XOM: 7-stop teleportation journey
 15514 | Lair:2   | Killed Amaemon
 15515 | Lair:2   | Reached skill level 9 in Evocations
 15589 | Lair:2   | Reached skill level 5 in Dodging
 15795 | Lair:2   | Gained mutation: Your flesh is cold resistant. (rC+)
                  | [Coglin growth]
 15795 | Lair:2   | Gained mutation: Your flesh is heat resistant. (rF+)
                  | [Coglin growth]
 15795 | Lair:2   | Reached XP level 13. HP: 78/96 MP: 16/16
 16585 | Lair:3   | XOM: enchant monster (good)
 16781 | Lair:3   | XOM: noise
 16784 | Lair:3   | XOM: polymorph elephant -> wyvern
 16794 | Lair:3   | XOM: summons friendly ufetubus
 16949 | Lair:3   | XOM: 1-stop teleportation journey
 17192 | Lair:3   | Reached skill level 10 in Fighting
 17286 | Lair:3   | XOM: summons friendly white imp
 17384 | Lair:3   | XOM: cast spell 'Monstrous Menagerie'
 17441 | Lair:3   | Found a staircase to the Shoals.
 17501 | Lair:3   | Found a transporter.
 17506 | Lair:3   | Noticed nojaa's ghost (journeyman KoEn)
 17540 | Lair:3   | Found a transporter.
 17548 | Lair:3   | Found a bloodstained altar of Trog.
 17780 | Lair:3   | Found a staircase to the Snake Pit.
 18020 | Lair:4   | XOM: 1-stop teleportation journey
 18028 | Lair:4   | XOM: confuse monster(s)
 18088 | Lair:4   | Noticed Snorg
 18095 | Lair:4   | Killed Snorg
 18148 | Lair:4   | Identified a scroll of acquirement
 18411 | Lair:4   | XOM: summons friendly ufetubus
 18412 | Lair:4   | Reached XP level 14. HP: 97/110 MP: 12/17
 18474 | Lair:4   | XOM: silly message
 18475 | Lair:4   | XOM: potion effect (magic)
 18480 | Lair:4   | XOM: butterfly on damage
 18487 | Lair:4   | XOM: potion effect (might)
 18602 | Lair:4   | Found a dark tunnel.
 18602 | Lair:4   | XOM: enchant monster (good)
 18668 | Volcano  | Entered a volcano
 18709 | Volcano  | XOM: confuse monster(s)
 18788 | Volcano  | Noticed a red draconian
 18796 | Volcano  | Killed a red draconian
 18797 | Volcano  | Reached skill level 10 in Dodging
 18898 | Volcano  | Found a burning altar of Makhleb.
 18905 | Volcano  | Paralysed by an ogre mage for 3 turns
 19106 | Lair:4   | XOM: potion effect (berserk rage)
 19111 | Lair:4   | XOM: polymorph boulder beetle -> minotaur
 19125 | Lair:4   | XOM: noise
 19126 | Lair:4   | XOM: noise
 19472 | Lair:4   | XOM: summons 8 hostile demons
 19514 | Lair:5   | Entered Level 5 of the Lair of Beasts
 19518 | Lair:5   | Reached skill level 5 in Armour
 19518 | Lair:5   | XOM: noise
 19605 | Lair:5   | XOM: summons 13 friendly demons
 19643 | Lair:5   | XOM: god gift: wand of quicksilver (6)
 19674 | Lair:5   | XOM: fog
 19721 | Lair:5   | Found a staircase to the Slime Pits.
 19722 | Lair:5   | Found a viscous altar of Jiyva.
 19808 | Lair:5   | XOM: cast spell 'Animate Armour'
 19952 | Lair:5   | XOM: summons friendly iron imp
 20170 | Lair:5   | XOM: enchant monster (good)
 20522 | Lair:5   | XOM: cloud trail
 20766 | Lair:5   | Reached skill level 5 in Maces & Flails
 20867 | Lair:5   | Reached skill level 10 in Evocations
 20876 | Lair:5   | XOM: enchant monster (good)
 20888 | Lair:5   | XOM: polymorph komodo dragon -> fire bat
 20908 | Lair:5   | Reached XP level 15. HP: 90/117 MP: 3/18
 21067 | Lair:5   | XOM: god gift: scroll of teleportation
 21127 | Lair:5   | Identified the +0 plate armour of the Lair of Beasts {Harm
                  | Regen+ Dex+4}
 21131 | Lair:5   | Identified the ring of Qoiwnuque {+Blink rF++ rC+}
 21241 | Lair:5   | XOM: 2-stop teleportation journey
 21365 | Lair:5   | XOM: god gift: Vobliaj's Vademecum on Blasted Hoarfrost
                  | {god gift}
 21367 | Lair:5   | Got Vobliaj's Vademecum on Blasted Hoarfrost {god gift}
 21666 | Lair:5   | XOM: scenery: summon butterflies
 21775 | Orc:1    | Entered Level 1 of the Orcish Mines
 21846 | Orc:1    | XOM: give mutations
 21846 | Orc:1    | Gained mutation: Your flesh is very heat resistant. (rF++)
                  | [Xom's grace]
 21846 | Orc:1    | Gained mutation: Your muscles are very strong. (Str +8,
                  | Int/Dex -2) [Xom's grace]
 21958 | Orc:1    | Found Poiczuah's General Store.
 22026 | Orc:1    | Bought a scroll of fear for 52 gold pieces
 22237 | Orc:1    | XOM: 3-stop teleportation journey
 22403 | Orc:2    | Entered Level 2 of the Orcish Mines
 22408 | Orc:2    | Found Byiruada's Weapon Boutique.
 22460 | Orc:2    | Bought a +0 double sword for 240 gold pieces
 22603 | Orc:2    | Reached skill level 11 in Evocations
 22604 | Orc:2    | Found a staircase to the Elven Halls.
 22604 | Orc:2    | Found Ymuuc's Assorted Antiques.
 22604 | Orc:2    | XOM: 3-stop teleportation journey
 22606 | Orc:2    | Found Hareh's Magic Scroll Shoppe.
 22632 | Orc:2    | XOM is BORED!
 22813 | Orc:2    | XOM: confusion (+ monsters)
 22960 | Orc:2    | Paralysed by an orc sorcerer for 4 turns
 23024 | Orc:2    | Paralysed by an orc sorcerer for 3 turns
 23185 | Orc:2    | XOM: repel stairs
 23457 | Orc:2    | XOM: give mutation
 23457 | Orc:2    | Gained mutation: You are agile. (Dex +4, Str/Int -1) [Xom's
                  | mischief]
 23614 | Orc:2    | XOM: chaos cloud
 23626 | Orc:2    | XOM: swap monsters
 23648 | Orc:2    | Found Itirontur's Jewellery Shoppe.
 23649 | Orc:2    | Found Ypoonemm's Distillery.
 23679 | Orc:2    | Bought a scroll of teleportation for 48 gold pieces
 23679 | Orc:2    | Bought a scroll of poison for 64 gold pieces
 23681 | Orc:2    | Bought a potion of might for 68 gold pieces
 23681 | Orc:2    | Bought 2 potions of heal wounds for 170 gold pieces
 23681 | Orc:2    | Bought a potion of attraction for 51 gold pieces
 23689 | Orc:2    | Bought 3 scrolls labelled JICHEUTAQU for 72 gold pieces
 23689 | Orc:2    | Bought a scroll of blinking for 180 gold pieces
 24249 | D:12     | Identified the +5 battleaxe of Zaonwyit {flame, rCorr
                  | Int+3}
 24469 | D:12     | XOM: summons 8 hostile demons
 24578 | D:12     | Found Leppein's Book Shoppe.
 24583 | D:12     | Bought an Everburning Encyclopedia for 532 gold pieces
 24588 | D:12     | Learned a level 4 spell: Sticky Flame
 24593 | D:12     | Learned a level 4 spell: Ignite Poison
 24622 | D:12     | Reached skill level 12 in Evocations
 24628 | D:12     | Reached skill level 1 in Fire Magic
 24638 | D:12     | XOM: chaos upgrade
 24825 | D:12     | XOM: confusion (+ monsters)
 25009 | D:12     | Identified the +7 short sword "Vaac Log" {freeze, rElec
                  | rPois Dex-3}
 25128 | D:12     | XOM: give mutation
 25128 | D:12     | Gained mutation: You are robust. (+10% HP) [Xom's mischief]
 25191 | D:12     | XOM: 2-stop teleportation journey
 25367 | D:12     | XOM: divination: detect items
 25671 | D:13     | XOM: destruction
 25712 | D:13     | XOM: silly message
 25876 | D:13     | XOM: 1-stop teleportation journey
 26126 | D:13     | XOM: god gift: leather armour {god gift}
 26217 | D:13     | Identified the ring "Nano" {rElec rC+ rN+}
 26369 | D:5      | Killed Sigmund
 26499 | D:2      | Killed Natasha
 26695 | D:2      | Found a shimmering altar of Xom.
 26792 | D:2      | Noticed Natasha
 26797 | D:2      | Killed Natasha
 26899 | D:2      | Noticed Natasha
 26904 | D:2      | Killed Natasha
 26998 | D:6      | XOM: summons 8 hostile demons
 27061 | D:6      | Killed Maggie
 27270 | D:14     | XOM: silly message
 27557 | D:15     | Entered Level 15 of the Dungeon
 27585 | D:15     | Found a roughly hewn altar of Beogh.
 27665 | D:15     | XOM: scenery: create altars
 27685 | D:15     | XOM: cast spell 'Dispersal'
 27711 | D:15     | XOM: confuse monster(s)
 27721 | D:15     | Reached skill level 13 in Evocations
 27743 | D:15     | Reached XP level 16. HP: 137/139 MP: 7/20
 28051 | D:15     | Found a staircase to the Depths.
 28184 | D:15     | Reached skill level 15 in Long Blades
 28552 | D:15     | Found a shadowy altar of Dithmenos.
 28585 | D:15     | Acquired the +4 ring mail of Eternal Night {Dex+3}
 28745 | D:10     | Bought a phial of floods for 680 gold pieces
 28907 | D:10     | XOM: god gift: 5 atropa-tipped darts
 28959 | D:10     | Found a burning altar of Makhleb.
 29099 | D:13     | XOM: divination: detect creatures
 29377 | D:14     | XOM: silly message
 29419 | D:14     | Reached skill level 5 in Fire Magic
 29853 | D:14     | Found a gate to the Vaults.
 29881 | D:14     | Got the Secrets of Support and Momentum
 29929 | D:14     | Found a portal to a secret trove of treasure.
 30747 | D:13     | XOM: silly message
 30867 | D:12     | XOM: silly message
 30881 | D:12     | Got Sogoor's Secrets of Windy Illusion
 30990 | Snake:1  | Entered Level 1 of the Snake Pit
 30993 | Snake:1  | Found Finty's Book Boutique.
 30993 | Snake:1  | Identified the serpent talisman "Xireodwo" {Fly rN++ rCorr
                  | Dex-3}
 30993 | Snake:1  | Noticed Aizul
 31008 | Snake:1  | XOM: smoke on damage
 31009 | Snake:1  | XOM: enchant monster (bad)
 31016 | Snake:1  | Killed Aizul
 31279 | Snake:1  | Learned a level 5 spell: Irradiate
 31347 | Snake:1  | Found a glacial archway.
 31377 | IceCv    | Entered an ice cave
 31420 | IceCv    | XOM: potion effect (might)
 31926 | IceCv    | Found an ancient bone altar of Kikubaaqudgha.
 31990 | IceCv    | XOM: god gift: broad axe {god gift}
 32033 | IceCv    | XOM: blink monster(s)
 32035 | IceCv    | XOM: enchant monster (bad)
 32055 | IceCv    | Noticed a lich
 32060 | IceCv    | XOM: divination: detect creatures
 32065 | IceCv    | Killed a lich
 32122 | IceCv    | Reached XP level 17. HP: 133/146 MP: 21/21
 32304 | IceCv    | XOM: cast spell 'Summon Hydra'
 32605 | IceCv    | XOM: god gift: 32 gold pieces
 32755 | Snake:1  | XOM: scenery: 1 doors close
 32936 | Snake:1  | Found Ahaxkus's Book Boutique.
 32936 | Snake:1  | Found Boumytoo's Jewellery Shoppe.
 32937 | Snake:1  | Found Cearuj's Book Boutique.
 33282 | Snake:2  | Reached skill level 1 in Short Blades
 33282 | Snake:2  | Reached skill level 5 in Conjurations
 33282 | Snake:2  | XOM: potion effect (brilliance)
 33296 | Snake:2  | XOM: silly message
 33460 | Snake:2  | XOM: potion effect (might)
 33609 | Snake:2  | XOM: silly message
 33646 | Snake:2  | XOM: silly message
 33683 | Snake:2  | XOM: silly message
 33897 | Snake:2  | XOM: smoke on damage
 33927 | Snake:2  | Found Souhoi's Vocational Training.
 33930 | Snake:2  | XOM: potion effect (brilliance)
 33937 | Snake:2  | XOM: snakes to sticks
 33946 | Snake:2  | XOM: fog
 34319 | Snake:2  | XOM: god gift: wand of roots (7)
 34385 | Snake:2  | Bought a manual of Evocations for 880 gold pieces
 34481 | Snake:2  | XOM: noise
 34495 | Snake:2  | Found a sparkling altar of Nemelex Xobeh.
 35251 | Snake:3  | XOM: polymorph salamander -> brain worm
 35536 | Snake:3  | Reached skill level 14 in Evocations
 35819 | Snake:3  | XOM: divination: detect creatures
 35822 | Snake:3  | Found Omeih's General Store.
 35827 | Snake:3  | Bought a potion of degeneration for 14 gold pieces
 35827 | Snake:3  | Bought a scroll of fear for 56 gold pieces
 35844 | Snake:3  | XOM: divination: detect items
 35869 | Snake:3  | XOM: god gift: scimitar {god gift}
 35964 | Snake:3  | XOM: god gift: 28 gold pieces
 36041 | Snake:4  | Entered Level 4 of the Snake Pit
 36364 | Snake:4  | XOM: god gift: book of Blasting
 36448 | Snake:4  | Reached skill level 15 in Evocations
 36610 | Snake:4  | XOM: polymorph black mamba -> steam dragon
 36673 | Snake:4  | XOM: noise
 37141 | Snake:4  | Reached XP level 18. HP: 153/154 MP: 19/24
 37223 | Snake:4  | XOM: cast spell 'Discord'
 37229 | Snake:4  | Reached skill level 16 in Evocations
 37304 | Snake:4  | XOM: silly message
 37434 | Snake:4  | XOM: noise
 37879 | Snake:4  | XOM: swap monsters
 37945 | Snake:4  | XOM: 1-stop teleportation journey
 38189 | Snake:4  | XOM: repel stairs
 38194 | Snake:4  | XOM: polymorph nagaraja -> emperor scorpion
 38334 | Snake:4  | Reached skill level 17 in Evocations
 38718 | Snake:4  | XOM: swap monsters
 38727 | Snake:4  | XOM: polymorph nagaraja -> alligator
 38736 | Snake:4  | XOM: 1-stop teleportation journey
 38892 | Snake:4  | XOM: swap monsters
 38917 | Snake:4  | XOM: god gift: ring mail {god gift}
 39015 | Snake:4  | XOM: cast spell 'Olgreb's Toxic Radiance'
 39145 | Snake:4  | Got a serpentine rune of Zot
 39294 | Lair:3   | XOM: god gift: 15 gold pieces
 39365 | Shoals:1 | Entered Level 1 of the Shoals
 39369 | Shoals:1 | Reached skill level 15 in Alchemy
 39372 | Shoals:1 | Reached skill level 18 in Evocations
 39777 | Shoals:1 | XOM: cast spell 'Summon Small Mammal'
 40384 | Shoals:2 | XOM: confuse monster(s)
 40498 | Shoals:2 | XOM: confusion
 40506 | Shoals:2 | XOM: confuse monster(s)
 40951 | Shoals:2 | XOM: 1-stop teleportation journey
 40951 | Shoals:2 | XOM: smoke on damage
 41010 | Shoals:2 | XOM: give mutation
 41010 | Shoals:2 | Gained mutation: You are very agile. (Dex +8, Str/Int -2)
                  | [Xom's grace]
 41059 | Shoals:2 | Noticed Nikola
 41067 | Shoals:2 | XOM: confuse monster(s)
 41145 | Shoals:3 | Reached skill level 19 in Evocations
 41146 | Shoals:3 | XOM: summons friendly crimson imp
 41433 | Shoals:2 | Noticed Roxanne
 41497 | Shoals:2 | XOM: noise
 41504 | Shoals:2 | Killed Nikola
 41812 | Shoals:2 | XOM: butterfly on damage
 41868 | Shoals:1 | XOM: 3-stop teleportation journey
 42078 | Shoals:2 | XOM: divination: detect items
 42081 | Shoals:2 | XOM: scenery: create altars
 42462 | Shoals:3 | Noticed Donald
 42467 | Shoals:3 | Killed Donald
 42530 | Shoals:3 | XOM: confusion (+ monsters)
 42844 | Shoals:3 | Reached XP level 19. HP: 162/162 MP: 18/25
 42865 | Shoals:3 | XOM: 3-stop teleportation journey
 42918 | Shoals:3 | XOM: polymorph merfolk -> slime creature
 42997 | Shoals:3 | XOM: god gift: scroll of immolation
 43102 | Shoals:3 | XOM: noise
 43132 | Shoals:3 | XOM: divination: detect creatures
 43347 | Shoals:3 | Noticed Polyphemus
 43367 | Shoals:3 | Killed Polyphemus
 43368 | Shoals:3 | Reached skill level 20 in Evocations
 43520 | Shoals:4 | Entered Level 4 of the Shoals
 43766 | Shoals:4 | XOM is BORED!
 43766 | Shoals:4 | XOM: summons 1 hostile demon
 43882 | Shoals:4 | Found a glowing golden altar of the Shining One.
 43887 | Shoals:4 | XOM: polymorph snapping turtle -> hog
 43891 | Shoals:4 | XOM: silly message
 43893 | Shoals:4 | XOM: confusion
 43916 | Shoals:4 | XOM: blink monster(s)
 43917 | Shoals:4 | XOM: silly message
 44055 | Shoals:4 | XOM: blink monster(s)
 44303 | Shoals:4 | Identified the +0 plate armour "Buiro" {Dex+2}
 44310 | Shoals:4 | Got the Incunable of the Refulgent Maleficium
 44392 | Shoals:4 | Found a glowing silver altar of Zin.
 44556 | Shoals:4 | XOM: smoke on damage
 44837 | Shoals:4 | Reached skill level 21 in Evocations
 44949 | Shoals:4 | Found a white marble altar of Elyvilon.
 45010 | Shoals:3 | XOM: divination: detect items
 45040 | Shoals:3 | XOM: draining
 45148 | Shoals:4 | XOM: destruction
 45237 | Shoals:4 | Got a barnacled rune of Zot
 45273 | Shoals:3 | XOM: give mutations
 45273 | Shoals:3 | Gained mutation: Your natural rate of healing is unusually
                  | fast. [Xom's grace]
 45273 | Shoals:3 | Gained mutation: You are partially covered in iridescent
                  | scales. (AC +2) [Xom's grace]
 45273 | Shoals:3 | Gained mutation: Your flesh is almost immune to the effects
                  | of heat. (rF+++) [Xom's grace]
 45339 | Lair:3   | XOM: 4-stop teleportation journey
 45630 | Lair:3   | XOM: cloud trail
 45633 | Lair:3   | Found a bloodstained altar of Trog.
 45643 | Lair:3   | XOM: divination: magic mapping
 45644 | Lair:3   | Found a transporter.
 45903 | Lair:3   | XOM: cloud trail
 45976 | Lair:3   | Found a transporter.
 46102 | Elf:1    | Entered Level 1 of the Elven Halls
 46124 | Elf:1    | Lost mutation: Your natural rate of healing is unusually
                  | fast. [a neqoxec]
 46425 | Elf:1    | XOM: god gift: 40 gold pieces
 46435 | Elf:1    | XOM: divination: detect creatures
 46438 | Elf:1    | XOM: scenery: 4 doors close
 46799 | Elf:1    | Noticed Zenata
 46812 | Elf:1    | Killed Zenata
 46818 | Elf:1    | Noticed Louise
 46847 | Elf:1    | Killed Louise
 46886 | Elf:1    | XOM: silly message
 46988 | Elf:1    | Reached XP level 20. HP: 164/174 MP: 18/26
 47092 | Elf:1    | Got Umecu's Anthology of the Curious Heavens
 47316 | Elf:2    | Found a radiant altar of Vehumet.
 47335 | Elf:2    | XOM: 1-stop teleportation journey
 47339 | Elf:2    | XOM: divination: detect creatures
 47373 | Elf:2    | Identified the blade talisman "Queju" {Will+ Str+3}
 47421 | Elf:2    | XOM: 2-stop teleportation journey
 47438 | Elf:2    | XOM: noise
 47458 | Elf:2    | Found a runed translucent gate.
 47462 | Elf:2    | Noticed Norris
 47475 | Elf:2    | Killed Norris
 47597 | Elf:2    | Found a runed translucent gate.
 47602 | Elf:2    | Found a runed translucent gate.
 47641 | Elf:2    | Reached skill level 15 in Fighting
 48186 | Elf:2    | Found Daecazxo's General Store.
 48188 | Elf:2    | Found Reirho's Magic Scroll Emporium.
 48194 | Elf:2    | Found Tihiem's Assorted Antiques.
 48227 | Elf:2    | Bought a scroll of enchant weapon for 135 gold pieces
 48231 | Elf:2    | Bought 2 potions of curing for 162 gold pieces
 48387 | Elf:2    | Found Viwko's Armour Emporium.
 48417 | Elf:2    | XOM: cleaving
 48841 | Orc:2    | XOM: noise
 49031 | Shoals:1 | XOM: summons 8 hostile demons
 49173 | D:13     | XOM: give mutations
 49173 | D:13     | Gained mutation: You possess an exceptional clarity of
                  | mind. [Xom's mischief]
 49173 | D:13     | Lost mutation: You have a pair of small horns on your head.
                  | [Xom's mischief]
 49173 | D:13     | Lost mutation: You possess an exceptional clarity of mind.
                  | [Xom's mischief]
 49254 | D:14     | You paid a toll of a +6 demon trident to enter a treasure
                  | trove
 49255 | Trove    | Entered a treasure trove
 49260 | Trove    | Found the +1 robe of Vines {NoPotionHeal Regen++++}
 49275 | Trove    | Identified the scarf of the Valley {harm, -Tele *Corrode
                  | rElec Str+2 Slay+5}
 49277 | Trove    | Identified the amulet of Peace {RegenMP MP+9 Slay+5}
 49279 | Trove    | Identified the -2 hat of Ru's Castigation {Str+7 Int+3}
 49281 | Trove    | Identified the amulet of Jiryid {RegenMP ^Contam +Blink rF-
                  | Dex+7}
 49328 | D:14     | Learned a level 1 spell: Apportation
 49334 | D:14     | Learned a level 5 spell: Yara's Violent Unravelling
 49537 | Elf:3    | Entered Level 3 of the Elven Halls
 49593 | Elf:3    | Reached skill level 1 in Hexes
 49720 | Elf:3    | Paralysed by an air elemental for 1 turns
 49777 | Elf:3    | XOM: divination: detect creatures
 49778 | Elf:3    | XOM: noise
 49786 | Elf:3    | XOM: enchant monster (good)
 49791 | Elf:3    | Reached skill level 15 in Dodging
 49960 | Elf:3    | XOM: confuse monster(s)
 50109 | Elf:3    | XOM: give mutations
 50109 | Elf:3    | Lost mutation: Your flesh is almost immune to the effects
                  | of heat. (rF+++) [Xom's mischief]
 50109 | Elf:3    | Lost mutation: You are robust. (+10% HP) [Xom's mischief]
 50482 | Elf:3    | Reached skill level 5 in Hexes
 50914 | Elf:3    | Identified the amulet of Ceschufui {RegenMP Rampage rF-
                  | Str+4}
 50921 | Elf:3    | XOM: confusion (+ monsters)
 50987 | Elf:3    | Reached XP level 21. HP: 168/168 MP: 27/27
 51005 | Abyss:3  | Cast into level 3 of the Abyss (a deep elf sorcerer)
 51019 | Abyss:3  | Found a corrupted altar of Lugonu.
 51047 | Abyss:3  | XOM: give mutations
 51047 | Abyss:3  | Lost mutation: You are very agile. (Dex +8, Str/Int -2)
                  | [Xom's mischief]
 51047 | Abyss:3  | Gained mutation: You do not regenerate when monsters are
                  | visible. [Xom's mischief]
 51047 | Abyss:3  | Lost mutation: Your muscles are very strong. (Str +8,
                  | Int/Dex -2) [Xom's mischief]
 51117 | Abyss:3  | XOM: enchant monster (bad)
 51141 | Abyss:3  | Found a radiant altar of Vehumet.
 51175 | Elf:3    | Escaped the Abyss
 51639 | Elf:3    | XOM: give mutations
 51639 | Elf:3    | Gained mutation: Your flesh is very cold resistant. (rC++)
                  | [Xom's mischief]
 51639 | Elf:3    | Lost mutation: Your mind is acute. (Int +4, Str/Dex -1)
                  | [Xom's mischief]
 51725 | Elf:3    | XOM: 2-stop teleportation journey
 51748 | Elf:3    | XOM: swap monsters
 51775 | Elf:3    | Identified the +7 dagger "Log Gay" {freeze, rC+ Will- Int+3
                  | Dex+2}
 51954 | Elf:3    | XOM: polymorph deep elf master archer -> iron giant
 52793 | Elf:3    | Identified the +3 falchion "Lapusk" {heavy, Str+2}
 53442 | Elf:3    | XOM: enchant monster (good)
 53453 | Elf:3    | Reached skill level 5 in Spellcasting
 53531 | Elf:3    | XOM: scenery: 2 doors close
 53575 | Elf:3    | Got Sif Muna's Compilation of the Stygian Mesa
 53598 | Elf:3    | Identified the staff of Wu Jian, Howling {rC+ Str+4 Dex+2
                  | Tloc Ice}
 53604 | Elf:3    | Got Legufisch's Book of the Excursion
 53631 | Elf:3    | Identified the +0 rapier "Bopporph" {spect, Str+5 Dex-2
                  | Stlth+}
 53640 | Elf:3    | Identified the staff of Fabloclia {Int+2 Conj}
 53800 | Elf:1    | XOM: stat loss: -1 Int (11/12)
 53957 | Vaults:1 | Entered Level 1 of the Vaults
 54099 | Vaults:1 | XOM: scenery: 1 doors open
 54100 | Vaults:1 | XOM: scenery: 2 doors close
 54863 | Vaults:1 | Found Vehikem's Book Shoppe.
 54878 | Vaults:1 | Reached skill level 5 in Stealth
 54948 | Vaults:1 | Found Ushisorph's Magic Scroll Boutique.
 54953 | Vaults:1 | Bought a scroll of teleportation for 63 gold pieces
 54953 | Vaults:1 | Bought a scroll of teleportation for 63 gold pieces
 54981 | Vaults:1 | Found Loll's Armour Shoppe.
 55235 | Vaults:1 | XOM: god gift: orcbow {god gift}
 55351 | Vaults:1 | Found Feeg's Distillery.
 55359 | Vaults:1 | Bought a potion of heal wounds for 75 gold pieces
 55359 | Vaults:1 | Bought a potion of resistance for 150 gold pieces
 55531 | Vaults:1 | Found Cuithid's Armour Boutique.
 55564 | Vaults:1 | XOM: confusion
 55714 | Vaults:1 | Found Sufeq's Antique Weapon Shoppe.
 55896 | Vaults:1 | Identified the +0 robe of the Lair of Beasts {rN++ rCorr
                  | Archmagi}
 55907 | Vaults:1 | XOM: silly message
 55924 | Vaults:1 | XOM: torment (99/171 hp)
 56080 | Vaults:1 | XOM: stat loss: -1 Int (11/12)
 56190 | Vaults:1 | XOM: give mutations
 56190 | Vaults:1 | Lost mutation: You do not regenerate when monsters are
                  | visible. [Xom's mischief]
 56190 | Vaults:1 | Lost mutation: Your muscles are strong. (Str +4, Int/Dex
                  | -1) [Xom's mischief]
 56279 | Vaults:2 | XOM: noise
 56280 | Vaults:2 | XOM: enchant monster (bad)
 56526 | Vaults:2 | XOM: noise
 56745 | Vaults:2 | XOM: noise
 56957 | Vaults:2 | XOM: divination: detect creatures
 56973 | Vaults:2 | XOM: enchant monster (good)
 57107 | Vaults:2 | XOM: confusion (+ monsters)
 57153 | Vaults:2 | Reached XP level 22. HP: 146/181 MP: 3/31
 57218 | Vaults:2 | XOM: divination: magic mapping
 57529 | Vaults:2 | XOM: give mutations
 57529 | Vaults:2 | Gained mutation: Your spells are a little harder to cast,
                  | but a little more powerful. [Xom's grace]
 57529 | Vaults:2 | Gained mutation: You passively dampen the noise of your
                  | surroundings. [Xom's grace]
 57535 | Vaults:2 | Identified the orb of Optimism {*channel, rF+ rC++ rCorr
                  | Int-4}
 57535 | Vaults:2 | Noticed Frederick
 57551 | Vaults:2 | Killed Frederick
 57558 | Vaults:2 | XOM: give mutations
 57558 | Vaults:2 | Gained mutation: You expend magic power (3 MP) to
                  | strengthen your wands. [Xom's grace]
 57558 | Vaults:2 | Gained mutation: You have a pair of small horns on your
                  | head. [Xom's grace]
 57558 | Vaults:2 | Gained mutation: You are strong-willed. (Will+) [Xom's
                  | grace]
 57836 | Vaults:2 | XOM: give mutations
 57836 | Vaults:2 | Gained mutation: You passively map a small area around you.
                  | [Xom's grace]
 57836 | Vaults:2 | Gained mutation: You are somewhat resistant to further
                  | mutation. [Xom's grace]
 57836 | Vaults:2 | Gained mutation: You passively map the area around you.
                  | [Xom's grace]
 57836 | Vaults:2 | Gained mutation: You are somewhat resistant to both further
                  | mutation and mutation removal. [Xom's grace]
 57899 | Vaults:2 | Found a staircase to the Crypt.
 58167 | Vaults:2 | XOM: give mutations
 58167 | Vaults:2 | Gained mutation: Your spells are harder to cast, but more
                  | powerful. [Xom's grace]
 58167 | Vaults:2 | Gained mutation: Your muscles are strong. (Str +4, Int/Dex
                  | -1) [Xom's grace]
 58258 | Vaults:3 | Found a white marble altar of Elyvilon.
 58258 | Vaults:3 | Found a glowing silver altar of Zin.
 58268 | Vaults:3 | Found a glowing golden altar of the Shining One.
 58279 | Vaults:3 | Found a crumbling gateway.
 58282 | Vaults:3 | XOM: enchant monster (good)
 58336 | Vaults:3 | XOM: scenery: 3 doors close
 58339 | Vaults:3 | XOM: scenery: 3 doors open
 58365 | Vaults:3 | XOM: fog
 58389 | Desolati | Entered the Desolation of Salt
 58434 | Desolati | Learned a level 4 spell: Vhi's Electric Charge
 58677 | Desolati | Identified the +7 demon blade "Liusut" {antimagic, rF+ rC-
                  | Int+9}
 58680 | Desolati | Identified the staff of Equilibrium {rN+ Necro Tloc}
 58696 | Desolati | Identified the ring "Roicif" {Fly rN++ Will- rCorr Int+2}
 58752 | Desolati | Reached skill level 5 in Short Blades
 58795 | Desolati | XOM: stat loss: -1 Str (14/15)
 58836 | Desolati | Got the Spellbook of Glamour
 58888 | Desolati | Identified the amulet of Wuebb {rElec Regen+ Str+3 Int+2}
 58892 | Desolati | Identified the ring of Entoaco {rC+ Int+3}
 58898 | Desolati | Identified the +5 short sword of the Poles {pain, rF+
                  | Dex+3}
 58964 | Desolati | XOM: give mutations
 58964 | Desolati | Lost mutation: Your spells are harder to cast, but more
                  | powerful. [Xom's mischief]
 58964 | Desolati | Lost mutation: Your spells are a little harder to cast, but
                  | a little more powerful. [Xom's mischief]
 58968 | Desolati | XOM: enchant monster (bad)
 58969 | Desolati | XOM: summons 4 hostile shadow creatures
 59132 | Desolati | XOM: blink monster(s)
 59163 | Desolati | XOM: 2-stop teleportation journey
 59185 | Desolati | XOM: give mutations
 59185 | Desolati | Lost mutation: You are partially covered in iridescent
                  | scales. (AC +2) [Xom's mischief]
 59185 | Desolati | Lost mutation: You are agile. (Dex +4, Str/Int -1) [Xom's
                  | mischief]
 59206 | Desolati | XOM: 4-stop teleportation journey
 59374 | Desolati | XOM: silly message
 59381 | Desolati | XOM: blink monster(s)
 59642 | Desolati | XOM: summons 1 hostile shadow creature
 60035 | Vaults:3 | XOM: polymorph deep troll -> skyshark
 60057 | Vaults:3 | XOM: 9-stop teleportation journey
 60141 | Vaults:3 | XOM: 1-stop teleportation journey
 60184 | Vaults:3 | You fall into a shaft and drop 1 floor!
 60303 | Vaults:4 | XOM: cloud trail
 60423 | Vaults:4 | Found a runed translucent door.
 60509 | Vaults:4 | XOM: give mutations
 60509 | Vaults:4 | Lost mutation: You passively dampen the noise of your
                  | surroundings. [Xom's mischief]
 60509 | Vaults:4 | Lost mutation: You expend magic power (3 MP) to strengthen
                  | your wands. [Xom's mischief]
 60602 | Vaults:4 | Reached skill level 10 in Short Blades
 60773 | Vaults:4 | XOM: 6-stop teleportation journey
 60925 | Vaults:4 | XOM: enchant monster (bad)
 61123 | Vaults:4 | XOM: give mutations
 61123 | Vaults:4 | Lost mutation: You have a pair of small horns on your head.
                  | [Xom's mischief]
 61123 | Vaults:4 | Gained mutation: Your muscles are very strong. (Str +8,
                  | Int/Dex -2) [Xom's mischief]
 61123 | Vaults:4 | Lost mutation: You passively map the area around you.
                  | [Xom's mischief]
 61128 | Vaults:4 | XOM: polymorph ironbound preserver -> entropy weaver
 61133 | Vaults:4 | XOM: smoke on damage
 61185 | Vaults:4 | XOM: summons 7 hostile demons
 61197 | Vaults:4 | XOM: noise
 61276 | Vaults:4 | XOM: torment (93/184 hp)
 61375 | Vaults:4 | XOM: give mutation
 61375 | Vaults:4 | Gained mutation: Potions are less effective at restoring
                  | your health. [Xom's mischief]
 61495 | Vaults:4 | XOM: draining
 61555 | Vaults:4 | XOM is BORED!
 61875 | Vaults:3 | XOM: summons friendly ufetubus
 61964 | Vaults:3 | XOM is BORED!
 61964 | Vaults:3 | XOM: give mutations
 61964 | Vaults:3 | Lost mutation: You are somewhat resistant to both further
                  | mutation and mutation removal. [Xom's mischief]
 61964 | Vaults:3 | Gained mutation: You have a beak for a mouth. [Xom's
                  | mischief]
 62491 | Vaults:3 | XOM: god gift: 30 gold pieces
 62549 | Vaults:3 | XOM: summons 7 friendly demons
 62556 | Vaults:3 | XOM: silly message
 62559 | Vaults:3 | Reached skill level 1 in Translocations
 62564 | Vaults:3 | Reached XP level 23. HP: 145/185 MP: 3/32
 62574 | Vaults:3 | XOM: fake destruction
 62689 | Vaults:3 | XOM: summons 5 hostile demons
 62852 | Vaults:4 | XOM: give mutation
 62852 | Vaults:4 | Gained mutation: You sometimes lose your temper in combat.
                  | [Xom's mischief]
 62859 | Vaults:4 | XOM: give mutations
 62859 | Vaults:4 | Gained mutation: You are clumsy. (Dex -2) [Xom's mischief]
 62859 | Vaults:4 | Lost mutation: You passively map a small area around you.
                  | [Xom's mischief]
 62877 | Vaults:4 | Learned a level 4 spell: Manifold Assault
 62881 | Vaults:4 | Learned a level 3 spell: Fugue of the Fallen
 63065 | Depths:1 | Entered Level 1 of the Depths
 63219 | D:13     | XOM: noise
 63721 | Depths:1 | Reached skill level 5 in Translocations
 63828 | Depths:1 | XOM: confusion (+ monsters)
 63842 | Depths:1 | XOM: divination: detect creatures
 64061 | Depths:1 | Found a gateway to Hell.
 64130 | Depths:1 | Noticed Saint Roka
 64149 | Depths:1 | Killed Saint Roka
 64393 | Depths:1 | Found a blossoming altar of Fedhas.
 64393 | Depths:1 | XOM: 5-stop teleportation journey
 64451 | Depths:1 | XOM: confusion
 64454 | Depths:1 | XOM: summons 1 hostile demon
 64562 | Depths:1 | XOM: scenery: summon butterflies
 64815 | Depths:2 | Reached skill level 10 in Stealth
 65198 | Depths:3 | Identified the +9 flail of Yredelemnul's Fury {vamp, rPois
                  | rC- Stlth+}
 65245 | Depths:3 | XOM: destruction
 65266 | Depths:3 | XOM: scenery: 1 doors close
 65275 | Depths:3 | XOM: confuse monster(s)
 65397 | Depths:3 | XOM: god gift: 4 stones
 65467 | Depths:3 | Found a one-way gate to the infinite horrors of the Abyss.
 65487 | Depths:3 | XOM: enchant monster (good)
 65595 | Depths:3 | Noticed Parghit
 65608 | Depths:3 | Killed Parghit
 65645 | Depths:3 | XOM: scenery: summon butterflies
 65798 | Depths:3 | Found a one-way gateway to a ziggurat.
 66038 | Depths:2 | XOM: divination: detect creatures
 66196 | Depths:2 | XOM: silly message
 66355 | Depths:2 | XOM: silly message
 66376 | Depths:2 | XOM: potion effect (brilliance)
 66582 | Depths:2 | XOM: silly message
 66908 | Depths:2 | XOM: scenery: 2 doors open, 1 doors close
 67481 | Depths:3 | XOM: scenery: 5 doors close
 67505 | Depths:4 | Entered Level 4 of the Depths
 67794 | Depths:4 | XOM: 1-stop teleportation journey
 67797 | Depths:4 | XOM: summons friendly iron imp
 67885 | Depths:4 | XOM: 2-stop teleportation journey
 68023 | Depths:4 | Noticed a golden dragon
 68031 | Depths:4 | Killed a golden dragon
 68153 | Depths:3 | XOM: scenery: summon butterflies
 68288 | Depths:4 | Found a gate to the Realm of Zot.
 68333 | Depths:4 | XOM: fog
 68349 | Depths:4 | XOM: 3-stop teleportation journey
 68454 | Depths:4 | XOM: cast spell 'Dispersal'
 68459 | Depths:4 | XOM: divine lightning
 68601 | Depths:4 | XOM: divination: detect creatures
 68664 | Depths:4 | XOM: summons 11 friendly demons
 68669 | Depths:4 | Noticed a caustic shrike
 68670 | Depths:4 | Noticed a caustic shrike
 68670 | Depths:4 | Noticed a caustic shrike
 68671 | Depths:4 | XOM: divination: detect creatures
 68788 | Depths:3 | Killed a caustic shrike
 68826 | Depths:3 | XOM is BORED!
 68896 | Depths:3 | Killed a caustic shrike
 69124 | Depths:3 | XOM: scenery: 1 doors open
 69130 | Depths:3 | Killed a caustic shrike
 69336 | Depths:4 | Reached skill level 10 in Translocations
 69487 | Depths:3 | XOM: stat loss: -1 Dex (21/22)
 69694 | Depths:4 | Noticed Jory
 69710 | Depths:4 | Killed Jory
 69970 | Depths:4 | XOM: summons 4 hostile shadow creatures
 70064 | Depths:3 | XOM: give mutations
 70064 | Depths:3 | Lost mutation: You are somewhat resistant to further
                  | mutation. [Xom's mischief]
 70064 | Depths:3 | Lost mutation: You are clumsy. (Dex -2) [Xom's mischief]
 70064 | Depths:3 | Gained mutation: You are dopey. (Int -2) [Xom's mischief]
 70124 | Depths:4 | XOM: torment (96/190 hp)
 70162 | Depths:4 | XOM: summons 1 hostile shadow creature
 70286 | Depths:4 | XOM: draining
 70320 | Depths:4 | XOM: stat loss: -1 Str (19/20)
 70776 | Slime:1  | Entered Level 1 of the Pits of Slime
 70784 | Slime:1  | Reached XP level 24. HP: 171/174 MP: 19/32
 70907 | Slime:1  | Reached skill level 1 in Necromancy
 70908 | Slime:1  | XOM: stat loss: -1 Int (10/11)
 71304 | Slime:2  | XOM: chaos cloud
 71670 | Slime:2  | XOM: enchant monster (bad)
 71766 | Slime:2  | XOM: give mutations
 71766 | Slime:2  | Lost mutation: Your flesh is very cold resistant. (rC++)
                  | [Xom's mischief]
 71766 | Slime:2  | Lost mutation: You sometimes lose your temper in combat.
                  | [Xom's mischief]
 71766 | Slime:2  | Lost mutation: Your flesh is very heat resistant. (rF++)
                  | [Xom's mischief]
 71766 | Slime:2  | Lost mutation: You are dopey. (Int -2) [Xom's mischief]
 71846 | Slime:1  | XOM: confuse monster(s)
 71986 | Slime:2  | XOM: torment (100/197 hp)
 72204 | Slime:3  | XOM: potion effect (brilliance)
 72690 | Slime:4  | XOM: cast spell 'Summon Mana Viper'
 72692 | Slime:4  | Reached skill level 5 in Necromancy
 72823 | Slime:4  | XOM: enchant monster (good)
 72853 | Slime:4  | XOM: give mutations
 72853 | Slime:4  | Gained mutation: You are highly strong-willed. (Will++)
                  | [Xom's grace]
 72853 | Slime:4  | Gained mutation: Your skin changes colour to match your
                  | surroundings (Stealth+). [Xom's grace]
 72995 | Slime:4  | XOM: 1-stop teleportation journey
 73179 | Slime:4  | XOM: summons 3 hostile shadow creatures
 73215 | Slime:5  | Entered Level 5 of the Pits of Slime
 73399 | Slime:5  | XOM: noise
 73644 | Slime:5  | Learned a level 6 spell: Death Channel
 73692 | Slime:5  | Reached skill level 1 in Air Magic
 73798 | Slime:5  | XOM: 2-stop teleportation journey
 73810 | Slime:5  | XOM: enchant monster (good)
 73818 | Slime:5  | XOM: blink monster(s)
 73923 | Slime:5  | Found a viscous altar of Jiyva.
 73943 | Slime:5  | XOM: smoke on damage
 74083 | Slime:5  | XOM: god gift: scroll of fear
 74115 | Slime:5  | XOM: 1-stop teleportation journey
 74238 | Slime:5  | XOM: summons 2 hostile demons
 74287 | Slime:5  | Noticed the Royal Jelly
 74300 | Slime:5  | XOM: divination: detect creatures
 74312 | Slime:5  | Killed the Royal Jelly
 74327 | Slime:5  | Reached skill level 15 in Stealth
 74364 | Slime:5  | XOM: give mutations
 74364 | Slime:5  | Gained mutation: Your system is resistant to poisons.
                  | (rPois) [Xom's grace]
 74364 | Slime:5  | Gained mutation: You are partially covered in iridescent
                  | scales. (AC +2) [Xom's grace]
 74364 | Slime:5  | Gained mutation: Your mind is acute. (Int +4, Str/Dex -1)
                  | [Xom's grace]
 74364 | Slime:5  | Gained mutation: You are agile. (Dex +4, Str/Int -1) [Xom's
                  | grace]
 74393 | Slime:4  | XOM: silly message
 74462 | Slime:4  | XOM: give mutation
 74462 | Slime:4  | Lost mutation: You are partially covered in iridescent
                  | scales. (AC +2) [Xom's mischief]
 74745 | Slime:5  | Found the ring of the Octopus King
 74747 | Slime:5  | Identified the staff "Paeblip" {Str+4 Conj}
 74767 | Slime:5  | Identified a ring of the Octopus King {rF+ HP+2 AC+2 EV+2
                  | SH+2}
 74774 | Slime:5  | Identified the +1 arbalest "Fomohif" {penet, Stlth+}
 74793 | Slime:5  | Got Konaudusk's Omnibus of Chilled Charms
 74807 | Slime:5  | Identified the +0 chain mail of the Present {rPois Str+8}
 74812 | Slime:5  | Identified the +6 glaive "Jepuo" {holy, SInv Stlth+}
 74846 | Slime:5  | Identified the staff of Disgust {rElec rF+ rC- Stlth+ Fire}
 74852 | Slime:5  | Got Ocearuus's Thoughts on Azoth
 74866 | Slime:5  | Got a slimy rune of Zot
 75259 | Depths:4 | XOM: silly message
 75261 | Zot:1    | Entered Level 1 of the Realm of Zot
 75265 | Zot:1    | XOM: enchant monster (good)
 75347 | Depths:4 | XOM: cloud trail
 75406 | Depths:4 | XOM: god gift: chain mail {god gift}
 75619 | Depths:4 | XOM: 4-stop teleportation journey
 75814 | Depths:4 | XOM: silly message
 76378 | Depths:4 | XOM: scenery: 1 doors close
 76424 | Depths:4 | XOM: divination: detect items
 76691 | Depths:4 | XOM: scenery: create altars
 76946 | Depths:4 | XOM: divination: detect creatures
 77035 | Depths:4 | XOM: god gift: scroll of acquirement
 77038 | Zot:1    | XOM: potion effect (berserk rage)
 77041 | Depths:4 | XOM: noise
 77485 | Zot:1    | XOM: butterfly on damage
 77501 | Depths:4 | XOM: divination: detect creatures
 77806 | Zot:1    | XOM: potion effect (berserk rage)
 77952 | Depths:4 | XOM: smoke on damage
 78127 | Zot:1    | XOM: silly message
 78150 | Depths:4 | XOM: silly message
 78178 | Depths:4 | XOM: divination: detect items
 78732 | Zot:1    | Reached XP level 25. HP: 185/186 MP: 13/33
 79015 | Zot:1    | XOM: 8-stop teleportation journey
 79343 | Zot:2    | XOM: potion effect (haste)
 79345 | Zot:2    | XOM: butterfly on damage
 79436 | Zot:1    | XOM: silly message
 79520 | Zot:1    | XOM: divination: magic mapping
 79603 | Zot:2    | XOM: potion effect (invisibility)
 79930 | Zot:2    | XOM: 1-stop teleportation journey
 80232 | Zot:2    | XOM: give mutations
 80232 | Zot:2    | Lost mutation: You are agile. (Dex +4, Str/Int -1) [Xom's
                  | mischief]
 80232 | Zot:2    | Gained mutation: You occasionally lose the ability to drink
                  | potions when taking damage. [Xom's mischief]
 80232 | Zot:2    | Lost mutation: You are highly strong-willed. (Will++)
                  | [Xom's mischief]
 80325 | Zot:2    | XOM: 3-stop teleportation journey
 80435 | Zot:2    | Noticed an orb of fire
 80507 | Zot:2    | Gained mutation: Your magical capacity is low. (-10% MP)
                  | [an orb of fire]
 80520 | Zot:2    | Killed an orb of fire
 80721 | Zot:3    | XOM: noise
 80746 | Zot:3    | Reached skill level 10 in Necromancy
 80917 | Zot:3    | XOM: noise
 80929 | Zot:3    | XOM: summons 7 hostile demons
 81187 | Zot:3    | Identified the +3 shortbow of Benevolence {flame, rPois rF+
                  | Will+}
 81198 | Zot:3    | XOM: smoke on damage
 81545 | Zot:3    | XOM: summons 13 hostile demons
 81581 | Zot:3    | XOM: noise
 82225 | Zot:4    | XOM: noise
 82240 | Zot:4    | XOM: summons 13 hostile demons
 82728 | Zot:4    | XOM: noise
 82991 | Zot:5    | Entered Level 5 of the Realm of Zot
 82996 | Zot:5    | XOM: noise
 83009 | Zot:5    | XOM is BORED!
 83245 | Zot:5    | XOM: summons 13 hostile demons
 83276 | Zot:5    | Noticed an orb of fire
 83293 | Zot:5    | Gained mutation: Your magical capacity is very low. (-20%
                  | MP) [an orb of fire]
 83297 | Zot:5    | Killed an orb of fire
 83709 | Zot:5    | XOM: enchant monster (good)
 83804 | Zot:5    | XOM: confusion (+ monsters)
 83808 | Zot:5    | Noticed a Killer Klown
 83808 | Zot:5    | Noticed an orb of fire
 83811 | Zot:5    | Gained mutation: You have hidden genetic defects. [an orb
                  | of fire]
 83815 | Zot:5    | XOM: noise
 83822 | Zot:5    | Killed an orb of fire
 83827 | Zot:5    | XOM: summons 4 friendly demons
 83840 | Zot:5    | Killed a Killer Klown
 83970 | Zot:4    | XOM: give mutations
 83970 | Zot:4    | Gained mutation: Your natural rate of healing is unusually
                  | fast. [Xom's grace]
 83970 | Zot:4    | Gained mutation: You possess an exceptional clarity of
                  | mind. [Xom's grace]
 83970 | Zot:4    | Gained mutation: You are resistant to electric shocks.
                  | (rElec) [Xom's grace]
 83970 | Zot:4    | Gained mutation: You passively map a small area around you.
                  | [Xom's grace]
 84072 | Zot:5    | Noticed a Killer Klown
 84126 | Zot:5    | Noticed an ancient lich
 84132 | Zot:5    | XOM: summons 6 friendly demons
 84139 | Zot:5    | Killed an ancient lich
 84148 | Zot:5    | Noticed an orb of fire
 84155 | Zot:5    | Lost mutation: Your muscles are very strong. (Str +8,
                  | Int/Dex -2) [an orb of fire]
 84163 | Zot:5    | Killed an orb of fire
 84166 | Zot:5    | Noticed a dread lich
 84175 | Zot:5    | Noticed an ancient lich
 84176 | Zot:5    | Noticed a dread lich
 84178 | Zot:5    | Killed a dread lich
 84179 | Zot:5    | Reached XP level 26. HP: 85/216 MP: 8/26
 84181 | Zot:5    | XOM: butterfly on damage
 84271 | Zot:5    | XOM: god gift: 7 gold pieces
 84481 | Zot:5    | Killed an ancient lich
 84593 | Zot:5    | Learned a level 4 spell: Sticky Flame
 84599 | Zot:5    | XOM: god gift: wand of paralysis (7)
 84788 | Zot:5    | Gained mutation: Your health recovers twice as slowly from
                  | being drained. [hidden defects]
 85235 | Zot:5    | Paralysed by a dread lich for 5 turns
 85242 | Zot:5    | XOM: butterfly on damage
 85245 | Zot:5    | Killed a dread lich
 85381 | Zot:5    | Noticed an orb of fire
 85381 | Zot:5    | XOM: 7-stop teleportation journey
 85427 | Zot:5    | XOM: god gift: hat {god gift}
 85433 | Zot:5    | XOM: god gift: scroll of immolation
 85505 | Zot:5    | Killed a Killer Klown
 85592 | Zot:5    | Got the Orb of Zot
 85594 | Zot:5    | XOM: summons 5 friendly demons
 85858 | D:15     | XOM: polymorph smoke demon -> shadow demon
 85948 | D:11     | XOM: butterfly on damage
 86025 | D:8      | Noticed Qaotel the pandemonium lord
 86149 | D:1      | Gained mutation: Your body sometimes deteriorates upon
                  | taking damage. [hidden defects]
 86149 | D:1      | Lost mutation: You have hidden genetic defects. [hidden
                  | defects expressed]
 86162 | D:$      | Escaped with the Orb!

Illustrated notes

Levels and vault maps discovered:
D:1:      heliophobic_arrival_dark_side_of_the_moon, layout_rooms,
          shapermc_ecumenical_altar_mp_urbaneastern, nrook_campfire,
          serial_bayou_lagoon_a
D:2:      layout_basic, basic_altar, uniq_natasha
D:3:      layout_basic, minmay_gold_behind_fungi
D:4:      layout_cave_pools, minmay_temple_entry_butterflies
D:5:      minmay_thinvault, layout_cave_pools,
          mainiacjoe_overflow_large_starburst, uniq_sigmund
D:6:      layout_loops_cross, serial_shops, shop, serial_rivers,
          chequers_serial_rivers_room_a, chequers_serial_rivers_large_a,
          chequers_serial_rivers_small_b, chequers_serial_rivers_micro_a,
          chequers_serial_rivers_micro_d, uniq_maggie
D:7:      layout_basic
D:8:      layout_loops_corners
D:9:      layout_basic, hangedman_misty_isle
D:10:     layout_basic, demons_altar, nicolae_shop_gadgets
D:11:     layout_gridville, minmay_lair_entry_grove, orc_0_dummy,
          mrwooster_statue_mirror
D:12:     minmay_triangles_in_corner, layout_rooms, serial_shops,
          nicolae_diamond_shop, kennysheep_flooded_box, minivault_12
D:13:     layout_loops_cross
D:14:     layout_basic, hangedman_vaults_entry_quadrant_bands, serial_ice,
          serial_ice_o, serial_ice_c, serial_ice_l, serial_ice_h,
          nicolae_trove_entry_path_of_doom, nicolae_titane
D:15:     grunt_enter_depths_magical_seal, layout_rooms,
          nicolae_dithmenos_through_a_glass_darkly, special_room
          [special_room_orc]
Lair:1:   minmay_guarded_unrand_snakebite, layout_cave_pods, uniq_sonja
Lair:2:   layout_loops_ring, lemuel_fruit_tree, uniq_amaemon
Lair:3:   nzn_winding_woodlands_medium [nzn_winding_woodlands_5x5_open_star,
          nzn_winding_woodlands_5x15_cabin, nzn_winding_woodlands_5x5_default,
          nzn_winding_woodlands_hourglass,
          nzn_winding_woodlands_center_diamonds,
          nzn_winding_woodlands_5x5_three, nzn_winding_woodlands_5x5_cross,
          nzn_winding_woodlands_5x15_twine,
          nzn_winding_woodlands_5x5_closed_star], layout_regular_city,
          minmay_shoals_entry_centaurs, alex1729_snake_entry_snake,
          gammafunk_ghost_wrathful_warriors, dpeg_oklob_1
Lair:4:   layout_roguey, nicolae_volcano_entry_vermiform, columned_hall_lemuel,
          minivault_23, grunt_forest_large_clearing_hut, uniq_snorg
Lair:5:   minmay_lair_end_enchanted_forest, layout_regular_city, slime_entry_1,
          serial_bayou_shore_a, grunt_megastairs_2
Shoals:1: layout_shoals
Shoals:2: dreamdust_from_the_deep, layout_shoals, nicolae_tricolors,
          uniq_nikola, uniq_roxanne
Shoals:3: layout_shoals, uniq_polyphemus, uniq_donald
Shoals:4: shoals_end_hellmonk_holy_island
Snake:1:  layout_cave_shapes, portal_ice_cave_entry_frozen_things, serial_shops,
          shop, grunt_megastairs_5, minmay_shop_grove, uniq_aizul
Snake:2:  layout_layer_cave, basic_altar, st_stairs_13, nicolae_shop_vocational
Snake:3:  layout_grid_maze, serial_shops, nicolae_shop_just_a_little_nook
Snake:4:  minmay_snake_end_coiled, layout_cave_town, drop_trap,
          serial_library_hellmonk_h_bend, nicolae_twisty_statue_hallways
Slime:1:  layout_caves
Slime:2:  layout_caves, nicolae_slime_getting_an_eyeful
Slime:3:  layout_caves, special_room [special_room_jelly]
Slime:4:  layout_caves, cheibrodos_slime_lost_civilization_7
Slime:5:  slime_pit_nicolae_amoeboid
Orc:1:    layout_caves, serial_shops, nicolae_diamond_shop
Orc:2:    st_orc_elflike, layout_caves, serial_shops, shop
Elf:1:    nicolae_elf_arrival_no_cutting_in_line, layout_geoelf_grid,
          minmay_elf_annihilation, st_stairs_4, uniq_zenata, uniq_louise
Elf:2:    nicolae_elf_blades_crystal_corner, layout_loops_cross, serial_shops,
          nicolae_shop_tiny_glass, basic_altar, minmay_shop_star, uniq_norris
Elf:3:    minmay_elf_hall_not_hex, layout_loops_cross
Vaults:1: nicolae_vaults_good_morning_starshine, v_misc_4,
          ontoclasm_vaults_chip, nicolae_vaults_meiosis, v_misc_1, v_misc_30,
          nicolae_vaults_little_squares_2, hangedman_vaults_cutoff,
          vaults_room_mumra_shop_pool, nicolae_vaults_tetromino_L_2,
          nicolae_vaults_diamond_1, layout_vaults_omnicross, serial_shops, shop,
          nicolae_diamond_shop, nicolae_square_shop, shop, shop
Vaults:2: minmay_crypt_entry_simple_walls, v_rooms_4,
          nicolae_vaults_double_plus_2, v_misc_25, nicolae_vaults_two_Ls,
          v_alt_pattern_5, layout_vaults_omnigrid, uniq_frederick
Vaults:3: portal_desolation_entry_holy_temple, ontoclasm_vaults_eye,
          hangedman_vaults_river_flow, nicolae_vaults_offset_grid_hallway_1,
          nicolae_vaults_storage_closets_3, nicolae_vaults_heart-shaped_vault,
          nicolae_vaults_security_offices_4, nicolae_vaults_theta,
          ontoclasm_vaults_idyll, layout_vaults_chaotic_city
Vaults:4: v_rooms_6, nicolae_vaults_oval_intersection, nicolae_vaults_oozy_zoo,
          vaults_mumra_chevron_long, nicolae_vaults_circle_grid_a,
          nicolae_vaults_trapezoid_lopsided_1, nicolae_vaults_house_3,
          nicolae_vaults_turnstiles, layout_vaults_omnibox
Depths:1: layout_cave_pools, hell_entry, fedhas_altar_fruit_tree,
          serial_bayou_shore_b, uniq_saint_roka
Depths:2: nicolae_cairo_tiling_large, layout_honeycomb, rand_demon_pan_entry_1,
          pf_vacation_house_of_asmodeus, lemuel_flame_loot_1,
          infiniplex_staircase_pool_lava, uniq_grunn
Depths:3: nicolae_cairo_tiling_very_big, layout_basic, enter_ziggurat_d,
          hell_entry, abyss_entry, uniq_parghit
Depths:4: evilmike_zot_entry_diamond, layout_gridville,
          hangedman_tar_grid_catacomb, serial_sigils_hangedman_clutch, uniq_jory
Zot:1:    cheibrodos_frozen_isle, layout_onion_interference, hangedman_zot_gyre,
          evilmike_ambush [evilmike_ambush_outer_corners,
          evilmike_ambush_inner_pond]
Zot:2:    layout_misc_corridors, regret_index_zotdec_tunneler,
          regret_index_zotdec_onion_hex
Zot:3:    layout_misc_corridors, regret_index_zotdec_twisting_globes
Zot:4:    layout_onion_interference
Zot:5:    layout_misc_corridors

Skill      XL: |  1  2  3  4  5  6  7  8  9 10 11 12 13 14 15 16 17 18 19 20 21 22 23 24 25 26 |
---------------+-------------------------------------------------------------------------------+-----
Stealth        | 1 2 3 6 8 13 15 | 15.5
Long Blades    | 4 5 6 7 8 10 11 14 16 | 16.0
Evocations     | 1 3 5 6 9 10 13 15 19 21 | 21.3
Fighting       | 4 7 10 12 14 15 17 18 19 | 19.8
Alchemy        | 2 5 8 10 11 12 14 15 16 17 | 17.0
Conjurations   | 2 3 7 8 9 |  9.0
Spellcasting   | 2 3 4 6 7 |  7.0
Dodging        | 2 5 9 11 13 15 16 | 16.6
Maces & Flails | 4 5 6 |  6.0
Armour         | 2 5 6 7 8 |  8.6
Fire Magic     | 3 8 |  8.0
Short Blades   | 2 10 | 10.5
Hexes          | 6 |  6.0
Translocations | 2 10 11 12 | 12.0
Necromancy     | 8 12 | 12.0
Air Magic      | 4 |  4.0

Action                     |  1- 3 |  4- 6 |  7- 9 | 10-12 | 13-15 | 16-18 | 19-21 | 22-24 | 25-27 || total
---------------------------+-------+-------+-------+-------+-------+-------+-------+-------+-------++-------
  Melee: Falchion          |    86 |    89 |   229 |       |       |       |       |       |       ||   404
         Short sword       |    39 |    85 |   200 |       |       |   589 |   750 |  1081 |   160 ||  2904
         Long sword        |       |       |   113 |   189 |       |       |       |       |       ||   302
         Dagger            |       |       |    59 |       |       |       |       |       |       ||    59
         Scimitar          |       |       |       |   333 |   493 |   115 |       |       |       ||   941
         Headbutt          |       |       |       |    76 |   239 |   313 |   112 |   120 |       ||   860
         Whip              |       |       |       |    86 |   684 |   179 |       |       |       ||   949
         Double sword      |       |       |       |       |   207 |   931 |   821 |  1409 |   549 ||  3917
         Demon blade       |       |       |       |       |       |       |       |   232 |   351 ||   583
         Peck              |       |       |       |       |       |       |       |   224 |   151 ||   375
  Throw: Dart              |     2 |    14 |    24 |     7 |     4 |     1 |     6 |     2 |       ||    60
         Boomerang         |       |       |       |       |       |    43 |     5 |       |       ||    48
         Throwing net      |       |       |       |       |       |     2 |       |       |     1 ||     3
   Cast: Sting             |       |       |    78 |    16 |       |       |       |       |       ||    94
         Olgreb's Toxic Ra |       |       |     5 |    55 |   156 |   103 |   142 |    48 |     4 ||   513
         Ignite Poison     |       |       |       |       |       |    28 |    42 |    13 |     2 ||    85
         Sticky Flame      |       |       |       |       |       |     2 |     1 |       |       ||     3
         Irradiate         |       |       |       |       |       |     8 |     6 |    12 |     2 ||    28
         Manifold Assault  |       |       |       |       |       |       |       |   293 |   118 ||   411
         Fugue of the Fall |       |       |       |       |       |       |       |     1 |     3 ||     4
         Death Channel     |       |       |       |       |       |       |       |       |     2 ||     2
         Vhi's Electric Ch |       |       |       |       |       |       |       |       |     4 ||     4
  Evoke: Lightning rod     |       |       |       |     4 |    11 |     6 |     8 |     6 |     4 ||    39
         Wand              |       |       |       |     1 |     9 |    15 |     3 |     7 |    15 ||    50
         Phantom mirror    |       |       |       |     1 |     2 |       |     2 |     2 |     1 ||     8
         Condenser vane    |       |       |       |       |       |     2 |     3 |     2 |       ||     7
         Phial of floods   |       |       |       |       |       |     2 |     1 |     1 |       ||     4
         Box of beasts     |       |       |       |       |       |       |     2 |     2 |     1 ||     5
    Use: Potion            |       |     1 |     2 |     1 |     2 |     1 |     2 |    11 |    10 ||    30
         Scroll            |       |       |    15 |     7 |    10 |    11 |     8 |    12 |     6 ||    69
   Stab: Sleeping          |     1 |     2 |     3 |       |     2 |     3 |     8 |    25 |     2 ||    46
         Held in net/web   |     1 |       |       |       |       |     2 |       |       |     4 ||     7
         Confused          |       |       |     5 |       |     5 |     7 |     2 |     3 |       ||    22
         Distracted        |       |       |       |     1 |     1 |     1 |     4 |     4 |     3 ||    14
         Invisible         |       |       |       |    26 |       |       |       |       |       ||    26
         Paralysed         |       |       |       |     4 |     4 |       |     2 |       |       ||    10
         Petrified         |       |       |       |     1 |       |       |     2 |       |       ||     3
         Petrifying        |       |       |       |       |       |       |       |     1 |       ||     1
 Armour: Leather armour    |    41 |    51 |   226 |    23 |       |    48 |       |       |       ||   389
         Skin              |       |    12 |       |       |     7 |       |       |       |       ||    19
         Scale mail        |       |       |       |   217 |   451 |    13 |       |       |       ||   681
         Troll leather arm |       |       |       |       |    25 |       |       |       |       ||    25
         Ring mail         |       |       |       |       |       |   641 |   508 |   659 |   269 ||  2077
         Acid dragon scale |       |       |       |       |       |       |       |    76 |       ||    76
  Dodge: Dodged            |    40 |    46 |   174 |   130 |   537 |   840 |   670 |   866 |   440 ||  3743
  Block: Other             |       |       |       |       |       |       |    78 |    55 |       ||   133

Table legend: (Time is in decaauts)
 A = Elapsed time spent in this place.
 B = Non-inter-level travel time spent in this place.
 C = Inter-level travel time spent in this place.
 D = Time resting spent in this place.
 E = Time spent auto-exploring this place.
 F = Levels seen in this place.
 G = Mean time per level.
                   A        B        C        D        E       F      G
               +--------+--------+--------+--------+--------+-----+--------+
         Total |  85261 |  78918 |   6343 |  25642 |  38114 |  56 | 1522.5 |
       Dungeon |  21810 |  19107 |   2703 |   4839 |  10730 |  15 | 1454.0 |
          Lair |   9333 |   8332 |   1001 |   1422 |   5029 |   5 | 1866.6 |
        Shoals |   6104 |   5856 |    248 |   2035 |   2574 |   4 | 1526.0 |
     Snake Pit |   6790 |   6484 |    306 |   2002 |   2774 |   4 | 1697.5 |
    Slime Pits |   4022 |   3822 |    200 |   1925 |   1166 |   5 |  804.4 |
  Orcish Mines |   2245 |   1996 |    249 |    418 |   1180 |   2 | 1122.5 |
   Elven Halls |   7093 |   6432 |    661 |   2737 |   2527 |   3 | 2364.3 |
        Vaults |   7146 |   6907 |    239 |   1475 |   4266 |   4 | 1786.5 |
        Depths |   9985 |   9451 |    534 |   4905 |   3682 |   4 | 2496.2 |
           Zot |   7301 |   7102 |    199 |   2919 |   2984 |   5 | 1460.2 |
         Abyss |    157 |    157 |      0 |     34 |      0 |   1 |  157.0 |
         Trove |     59 |     59 |      0 |      0 |      7 |   1 |   59.0 |
      Ice Cave |   1341 |   1341 |      0 |    608 |    313 |   1 | 1341.0 |
       Volcano |    351 |    351 |      0 |    134 |     32 |   1 |  351.0 |
    Desolation |   1517 |   1517 |      0 |    184 |    847 |   1 | 1517.0 |
               +--------+--------+--------+--------+--------+-----+--------+

Top non-repeatable levels by time:
Depths:4: 4796 daAuts
   Elf:3: 4060 daAuts
  Lair:3: 2931 daAuts
 Snake:4: 2571 daAuts
Depths:3: 2486 daAuts
   Zot:5: 2429 daAuts
     D:8: 2210 daAuts
    D:14: 2197 daAuts
  Lair:5: 2177 daAuts
Vaults:1: 2156 daAuts
Vaults:2: 1977 daAuts
Shoals:3: 1789 daAuts
Depths:2: 1763 daAuts
 Snake:3: 1733 daAuts
    D:11: 1725 daAuts
